Workbook
Name _edn1: 'Enrol Summary'!#REF!
Name _edn1: Other!#REF!
Name _edn1: 'Program Summary'!#REF!
Name _edn1: 'Summary - BOG'!#REF!
Name _edn1: 'Summary - Finance'!#REF!
Name _edn1: 'TCH Summary'!#REF!
Name _edn2: 'Enrol Summary'!#REF!
Name _edn2: Other!#REF!
Name _edn2: 'Program Summary'!#REF!
Name _edn2: 'Summary - BOG'!#REF!
Name _edn2: 'Summary - Finance'!#REF!
Name _edn2: 'TCH Summary'!#REF!
Name _edn3: 'Enrol Summary'!#REF!
Name _edn3: Other!#REF!
Name _edn3: 'Program Summary'!#REF!
Name _edn3: 'Summary - BOG'!#REF!
Name _edn3: 'Summary - Finance'!#REF!
Name _edn3: 'TCH Summary'!#REF!
Name _edn4: 'Enrol Summary'!#REF!
Name _edn4: Other!#REF!
Name _edn4: 'Program Summary'!#REF!
Name _edn4: 'Summary - BOG'!#REF!
Name _edn4: 'Summary - Finance'!#REF!
Name _edn4: 'TCH Summary'!#REF!
Name _edn5: 'Enrol Summary'!#REF!
Name _edn5: Other!#REF!
Name _edn5: 'Program Summary'!#REF!
Name _edn5: 'Summary - BOG'!#REF!
Name _edn5: 'Summary - Finance'!#REF!
Name _edn5: 'TCH Summary'!#REF!
Name _edn6: 'Enrol Summary'!#REF!
Name _edn6: Other!#REF!
Name _edn6: 'Program Summary'!#REF!
Name _edn6: 'Summary - BOG'!#REF!
Name _edn6: 'Summary - Finance'!#REF!
Name _edn6: 'TCH Summary'!#REF!
Name _edn7: 'Enrol Summary'!#REF!
Name _edn7: Other!#REF!
Name _edn7: 'Program Summary'!#REF!
Name _edn7: 'Summary - BOG'!#REF!
Name _edn7: 'Summary - Finance'!#REF!
Name _edn7: 'TCH Summary'!#REF!
Name _edn8: 'Enrol Summary'!#REF!
Name _edn8: Other!#REF!
Name _edn8: 'Program Summary'!#REF!
Name _edn8: 'Summary - BOG'!#REF!
Name _edn8: 'Summary - Finance'!#REF!
Name _edn8: 'TCH Summary'!#REF!
Name _ednref1: 'Enrol Summary'!#REF!
Name _ednref1: Other!#REF!
Name _ednref1: 'Program Summary'!#REF!
Name _ednref1: 'Summary - BOG'!#REF!
Name _ednref1: 'Summary - Finance'!#REF!
Name _ednref1: 'TCH Summary'!#REF!
Name _ednref2: 'Enrol Summary'!#REF!
Name _ednref2: Other!#REF!
Name _ednref2: 'Program Summary'!#REF!
Name _ednref2: 'Summary - BOG'!#REF!
Name _ednref2: 'Summary - Finance'!#REF!
Name _ednref2: 'TCH Summary'!#REF!

Sheet Instructions
A18: EXAMPLE ONLY below - please complete your info on the "Enrolment" tab
A20: Cohort | B20: Fiscal | C20: Term | D20: Semester | E20: Domestic | F20: International | G20: Total
A21: Co_Fall | B21: 26/27 | C21: Fall | D21: 1 | E21: 40 | F21: 2 | G21: =SUM(E21:F21) -> 42
A22: Co_Fall | B22: 26/27 | C22: Winter | D22: 2 | E22: 38 | F22: 2 | G22: =SUM(E22:F22) -> 40
A23: Co_Winter | B23: 26/27 | C23: Winter | D23: 1 | E23: 30 | F23: 1 | G23: =SUM(E23:F23) -> 31
A24: Co_Winter | B24: 27/28 | C24: Summer | D24: 2 | E24: 28 | F24: 1 | G24: =SUM(E24:F24) -> 29
A25: Co_Fall | B25: 27/28 | C25: Fall | D25: 1 | E25: 40 | F25: 2 | G25: =SUM(E25:F25) -> 42
A26: Co_Fall | B26: 27/28 | C26: Winter | D26: 2 | E26: 38 | F26: 2 | G26: =SUM(E26:F26) -> 40
A27: Co_Winter | B27: 27/28 | C27: Winter | D27: 1 | E27: 30 | F27: 1 | G27: =SUM(E27:F27) -> 31
A28: Co_Winter | B28: 28/29 | C28: Summer | D28: 2 | E28: 28 | F28: 1 | G28: =SUM(E28:F28) -> 29
A29: Co_Fall | B29: 28/29 | C29: Fall | D29: 1 | E29: 40 | F29: 2 | G29: =SUM(E29:F29) -> 42
A30: Co_Fall | B30: 28/29 | C30: Winter | D30: 2 | E30: 38 | F30: 2 | G30: =SUM(E30:F30) -> 40
A31: Co_Winter | B31: 28/29 | C31: Winter | D31: 1 | E31: 30 | F31: 1 | G31: =SUM(E31:F31) -> 31
A32: Co_Winter | B32: 29/30 | C32: Summer | D32: 2 | E32: 28 | F32: 1 | G32: =SUM(E32:F32) -> 29
... A39: Co_Winter | B39: 30/31 | C39: Winter | D39: 1 | E39: 30 | F39: 1 | G39: =SUM(E39:F39) -> 31
A53: EXAMPLE ONLY below - please complete your info on the "TCH" tab
A54: Fiscal Year | B54: Term | C54: Sem | D54: Course Code | E54: Course Name | F54: Type | G54: Sec Max | H54: SCH | I54: TCH Faculty | J54: TCH Placement Support | K54: Ttl TCH Other Support | L54: Enrol | M54: Sections | N54: Ttl TCH Faculty | O54: Ttl TCH Placement Support | P54: Ttl TCH Other Support
A55: 26/27 | B55: Fall | C55: 1 | D55: BIOL 1XXX-3 | E55: Anatomy and Teminology | F55: Theory | G55: =IFERROR(VLOOKUP(F55,'Program Summary'!$F$45:$G$49,2,FALSE),0) -> 0 | H55: 42 | I55: 42 | J55: 0 | K55: 0 | L55: =SUMIFS(Enrolment!G:G,Enrolment!B:B,A55,Enrolment!C:C,B55,Enrolment!D:D,C55) -> 0 | M55: =IFERROR(ROUNDUP(L55/G55,0),1) -> 1 | N55: =I55*$M55 -> 42 | O55: =J55*$M55 -> 0 | P55: =K55*$M55 -> 0
A56: 26/27 | B56: Fall | C56: 1 | D56: MATH 1XXX-2 | E56: Medical Laboratory Mathematics | F56: Theory | G56: =IFERROR(VLOOKUP(F56,'Program Summary'!$F$45:$G$49,2,FALSE),0) -> 0 | H56: 42 | I56: 42 | J56: 0 | K56: 0 | L56: =SUMIFS(Enrolment!G:G,Enrolment!B:B,A56,Enrolment!C:C,B56,Enrolment!D:D,C56) -> 0 | M56: =IFERROR(ROUNDUP(L56/G56,0),1) -> 1 | N56: =I56*$M56 -> 42 | O56: =J56*$M56 -> 0 | P56: =K56*$M56 -> 0
A57: 26/27 | B57: Fall | C57: 1 | D57: MLAB 1XXX-2 | E57: Medical Laboratory Mathematics | F57: Theory | G57: =IFERROR(VLOOKUP(F57,'Program Summary'!$F$45:$G$49,2,FALSE),0) -> 0 | H57: 42 | I57: =+H57 -> 42 | J57: 0 | K57: 0 | L57: =SUMIFS(Enrolment!G:G,Enrolment!B:B,A57,Enrolment!C:C,B57,Enrolment!D:D,C57) -> 0 | M57: =IFERROR(ROUNDUP(L57/G57,0),1) -> 1 | N57: =I57*$M57 -> 42 | O57: =J57*$M57 -> 0 | P57: =K57*$M57 -> 0
A58: 26/27 | B58: Fall | C58: 1 | D58: MLAB 1XXX-3 | E58: Lab and Safety | F58: Lab | G58: =IFERROR(VLOOKUP(F58,'Program Summary'!$F$45:$G$49,2,FALSE),0) -> 0 | H58: =4*14 -> 56 | I58: 42 | J58: 0 | K58: 42 | L58: =SUMIFS(Enrolment!G:G,Enrolment!B:B,A58,Enrolment!C:C,B58,Enrolment!D:D,C58) -> 0 | M58: =IFERROR(ROUNDUP(L58/G58,0),1) -> 1 | N58: =I58*$M58 -> 42 | O58: =J58*$M58 -> 0 | P58: =K58*$M58 -> 42
A59: 26/27 | B59: Fall | C59: 1 | D59: XXXX | E59: Communication | F59: GenEd/Comm | G59: =IFERROR(VLOOKUP(F59,'Program Summary'!$F$45:$G$49,2,FALSE),0) -> 0 | H59: 42 | I59: 0 | J59: 0 | K59: 0 | L59: =SUMIFS(Enrolment!G:G,Enrolment!B:B,A59,Enrolment!C:C,B59,Enrolment!D:D,C59) -> 0 | M59: =IFERROR(ROUNDUP(L59/G59,0),1) -> 1 | N59: =I59*$M59 -> 0 | O59: =J59*$M59 -> 0 | P59: =K59*$M59 -> 0
A60: 26/27 | B60: Fall | C60: 1 | D60: XXXX | E60: GNED | F60: GenEd/Comm | G60: =IFERROR(VLOOKUP(F60,'Program Summary'!$F$45:$G$49,2,FALSE),0) -> 0 | H60: 42 | I60: 0 | J60: 0 | K60: 0 | L60: =SUMIFS(Enrolment!G:G,Enrolment!B:B,A60,Enrolment!C:C,B60,Enrolment!D:D,C60) -> 0 | M60: =IFERROR(ROUNDUP(L60/G60,0),1) -> 1 | N60: =I60*$M60 -> 0 | O60: =J60*$M60 -> 0 | P60: =K60*$M60 -> 0

Sheet Program Summary
A1: Program Costing Summary
A2: Version Date (enter as MM/DD/YY)
A3: Program Name
A4: Campus Launch
A5: Fiscal Year of Planned Program Launch (enter as YY/YY) | C5: 27/28
C6: Template Version Date 03/17/26
B8: Tuition, Lab Fees, and Grant Revenue
C9: Domestic Tuition | D9: International Tuition | E9: Lab Fees*
A10: 1 | B10: What are the fees per semester?
B11: FYI estimated % increase each academic year | C11: 0.02 | D11: 0.02
B12: (Fees should align the comparable programs listed in the APS table tab)
A14: 2 | B14: Grant per Weighted Funding Unit (WFU) (approx)** | C14: 4620
B15: Comparable 5 digit MCU code (from tab "Aug 2025 APS Table")*** | D15: =VLOOKUP(C15,'Aug 2025 APS Table w mods'!D:AE,28,FALSE) -> #N/A | E15: =IF(D15="y","Warning - Updated weight information has not been provided by the Ministry for this MCU code","") -> #N/A
B16: MCU Title | C16: =VLOOKUP(C$15,'Aug 2025 APS Table w mods'!$D:$I,2,FALSE) -> #N/A
B17: Credential Type | C17: =VLOOKUP(C$15,'Aug 2025 APS Table w mods'!$D:$I,3,FALSE) -> #N/A
B18: Weight | C18: =VLOOKUP(C$15,'Aug 2025 APS Table w mods'!$D:$I,5,FALSE) -> #N/A
B19: Funding Units | C19: =VLOOKUP(C$15,'Aug 2025 APS Table w mods'!$D:$I,6,FALSE) -> #N/A
B20: Degree Factor | C20: =IF(C17="Baccalaureate Degree",1.1,1) -> #N/A
B21: What are the number of semesters in the program?
B22: Program weight per semester is: | C22: =IFERROR(C18*C19/C21*C20,0) -> 0
B33: Notes
B34: *Lab Fee amounts will generate "Incidental Fee Revenue" which will generate an equivalent offset as "Incidental Fee Expense"
B35: **Due to Corridor Funding, launching a program may have to be offset by suspension of another program. Amount per Ministry memo dated Feb 12, 2026 for 2027/28 fiscal year.
B36: ***Ministry emailed a file with New Program Weights on Feb 23, 2026. The new APS table is not yet available, but the new weights were reflected on the Aug 2025 APS tab. A number of MCU codes were missing from the new program weights email, and as such, will still reflect the prior program weight previously noted
B38: Progression
A39: 1 | B39: Please insert comments below of the progression of your program
B44: Staffing - Please also attach a loading sheet / complete the TCH calcs tab
A45: 1 | B45: What is the maximum section Theory size? | F45: Theory | G45: =D45 -> 0
B46: What is the maximum section Lab size? (if applicable) | F46: Lab | G46: =D46 -> 0
B47: What is the maximum section Clinical size? (if applicable) | F47: Clinical | G47: =D47 -> 0
F48: GenEd/Comm | G48: 0
A49: 2 | B49: Rates (excluding Benefits) and Other | D49: Rate | E49: Rate Yr2 | F49: Rate Yr3 | G49: Rate Yr4 | H49: Rate Yr5
B50: FT Faculty (standard is $331/hr)* | D50: 331 | E50: =D50*(1+$D$56) -> 337.62 | F50: =E50*(1+$D$56) -> 344.3724 | G50: =F50*(1+$D$56) -> 351.25985 | H50: =G50*(1+$D$56) -> 358.28504
B51: PT Faculty (standard is $125) | D51: 125 | E51: =D51*(1+$D$56) -> 127.5 | F51: =E51*(1+$D$56) -> 130.05 | G51: =F51*(1+$D$56) -> 132.651 | H51: =G51*(1+$D$56) -> 135.30402
B52: FT Support | E52: =D52*(1+$D$56) -> 0 | F52: =E52*(1+$D$56) -> 0 | G52: =F52*(1+$D$56) -> 0 | H52: =G52*(1+$D$56) -> 0
B53: PT Support | E53: =D53*(1+$D$56) -> 0 | F53: =E53*(1+$D$56) -> 0 | G53: =F53*(1+$D$56) -> 0 | H53: =G53*(1+$D$56) -> 0
A56: 3 | B56: Estimated Cost inflation factor | D56: 0.02
B58: Notes
B59: *Assumes salary of $125K, divided by (12 TCHs per week * 14 weeks * 2 semesters + 6 TCHs per week * 7 weeks)
B61: =IF(OR(E50<>"",E52<>""),"Please comment below on when new hire required in plan","") -> Please comment below on when new hire required in plan
C153: Yes | D153: Annual
C154: No | D154: 1 Time

Sheet Enrolment
A1: Projected Enrolment
A2: ='Program Summary'!C3 -> 0
A4: Cohort | B4: Fiscal | C4: Term | D4: Semester | E4: Domestic | F4: International | G4: Total
G5: =SUM(E5:F5) -> 0 | H5: =LEFT(C5,1)
G6: =SUM(E6:F6) -> 0 | H6: =LEFT(C6,1)
G7: =SUM(E7:F7) -> 0 | H7: =LEFT(C7,1)
G8: =SUM(E8:F8) -> 0 | H8: =LEFT(C8,1)
G9: =SUM(E9:F9) -> 0 | H9: =LEFT(C9,1)
G10: =SUM(E10:F10) -> 0 | H10: =LEFT(C10,1)
G11: =SUM(E11:F11) -> 0 | H11: =LEFT(C11,1)
G12: =SUM(E12:F12) -> 0 | H12: =LEFT(C12,1)
G13: =SUM(E13:F13) -> 0 | H13: =LEFT(C13,1)
G14: =SUM(E14:F14) -> 0 | H14: =LEFT(C14,1)
G15: =SUM(E15:F15) -> 0 | H15: =LEFT(C15,1)
G16: =SUM(E16:F16) -> 0 | H16: =LEFT(C16,1)
... G151: =SUM(E151:F151) -> 0 | H151: =LEFT(C151,1)

Sheet Enrol Summary
A1: Program Costing Enrolment Forecast | N1: Version Date: | O1: ='Program Summary'!$C$2 -> 0
A2: Program Name: | B2: ='Program Summary'!C3 -> 0 | N2: Location: | O2: ='Program Summary'!$C$4 -> 0
A3: Launch Date | B3: ='Program Summary'!C5 -> 27/28
E4: =MID(B3,3,2)+1 -> #VALUE! | F4: =RIGHT(B3,2)+1 -> 29 | H4: =E4+1 -> #VALUE! | I4: =F4+1 -> 30 | K4: =H4+1 -> #VALUE! | L4: =I4+1 -> 31 | N4: =K4+1 -> #VALUE! | O4: =L4+1 -> 32
B5: DOMESTIC ENROLMENT
A6: Fiscal Year | B6: =$B3 -> 27/28 | C6: =$B3 -> 27/28 | D6: =$B3 -> 27/28 | E6: =CONCATENATE(LEFT(B6,2)+1,"/",RIGHT(B6,2)+1) -> 28/29 | F6: =CONCATENATE(LEFT(C6,2)+1,"/",RIGHT(C6,2)+1) -> 28/29 | G6: =CONCATENATE(LEFT(D6,2)+1,"/",RIGHT(D6,2)+1) -> 28/29 | H6: =CONCATENATE(LEFT(E6,2)+1,"/",RIGHT(E6,2)+1) -> 29/30 | I6: =CONCATENATE(LEFT(F6,2)+1,"/",RIGHT(F6,2)+1) -> 29/30 | J6: =CONCATENATE(LEFT(G6,2)+1,"/",RIGHT(G6,2)+1) -> 29/30 | K6: =CONCATENATE(LEFT(H6,2)+1,"/",RIGHT(H6,2)+1) -> 30/31 | L6: =CONCATENATE(LEFT(I6,2)+1,"/",RIGHT(I6,2)+1) -> 30/31 | ... P6: =CONCATENATE(LEFT(M6,2)+1,"/",RIGHT(M6,2)+1) -> 31/32
A7: Domestic | B7: S | C7: F | D7: W | E7: S | F7: F | G7: W | H7: S | I7: F | J7: W | K7: S | L7: F | M7: W | N7: S | O7: F | P7: W
A8: Semester 1 | B8: =SUMIFS(Enrolment!$E:$E,Enrolment!$B:$B,B$6,Enrolment!$H:$H,B$7,Enrolment!$D:$D,RIGHT($A8,1)) -> 0 | C8: =SUMIFS(Enrolment!$E:$E,Enrolment!$B:$B,C$6,Enrolment!$H:$H,C$7,Enrolment!$D:$D,RIGHT($A8,1)) -> 0 | D8: =SUMIFS(Enrolment!$E:$E,Enrolment!$B:$B,D$6,Enrolment!$H:$H,D$7,Enrolment!$D:$D,RIGHT($A8,1)) -> 0 | E8: =SUMIFS(Enrolment!$E:$E,Enrolment!$B:$B,E$6,Enrolment!$H:$H,E$7,Enrolment!$D:$D,RIGHT($A8,1)) -> 0 | F8: =SUMIFS(Enrolment!$E:$E,Enrolment!$B:$B,F$6,Enrolment!$H:$H,F$7,Enrolment!$D:$D,RIGHT($A8,1)) -> 0 | G8: =SUMIFS(Enrolment!$E:$E,Enrolment!$B:$B,G$6,Enrolment!$H:$H,G$7,Enrolment!$D:$D,RIGHT($A8,1)) -> 0 | H8: =SUMIFS(Enrolment!$E:$E,Enrolment!$B:$B,H$6,Enrolment!$H:$H,H$7,Enrolment!$D:$D,RIGHT($A8,1)) -> 0 | I8: =SUMIFS(Enrolment!$E:$E,Enrolment!$B:$B,I$6,Enrolment!$H:$H,I$7,Enrolment!$D:$D,RIGHT($A8,1)) -> 0 | ... P8: =SUMIFS(Enrolment!$E:$E,Enrolment!$B:$B,P$6,Enrolment!$H:$H,P$7,Enrolment!$D:$D,RIGHT($A8,1)) -> 0
A9: Semester 2 | B9: =SUMIFS(Enrolment!$E:$E,Enrolment!$B:$B,B$6,Enrolment!$H:$H,B$7,Enrolment!$D:$D,RIGHT($A9,1)) -> 0 | C9: =SUMIFS(Enrolment!$E:$E,Enrolment!$B:$B,C$6,Enrolment!$H:$H,C$7,Enrolment!$D:$D,RIGHT($A9,1)) -> 0 | D9: =SUMIFS(Enrolment!$E:$E,Enrolment!$B:$B,D$6,Enrolment!$H:$H,D$7,Enrolment!$D:$D,RIGHT($A9,1)) -> 0 | E9: =SUMIFS(Enrolment!$E:$E,Enrolment!$B:$B,E$6,Enrolment!$H:$H,E$7,Enrolment!$D:$D,RIGHT($A9,1)) -> 0 | F9: =SUMIFS(Enrolment!$E:$E,Enrolment!$B:$B,F$6,Enrolment!$H:$H,F$7,Enrolment!$D:$D,RIGHT($A9,1)) -> 0 | G9: =SUMIFS(Enrolment!$E:$E,Enrolment!$B:$B,G$6,Enrolment!$H:$H,G$7,Enrolment!$D:$D,RIGHT($A9,1)) -> 0 | H9: =SUMIFS(Enrolment!$E:$E,Enrolment!$B:$B,H$6,Enrolment!$H:$H,H$7,Enrolment!$D:$D,RIGHT($A9,1)) -> 0 | I9: =SUMIFS(Enrolment!$E:$E,Enrolment!$B:$B,I$6,Enrolment!$H:$H,I$7,Enrolment!$D:$D,RIGHT($A9,1)) -> 0 | ... P9: =SUMIFS(Enrolment!$E:$E,Enrolment!$B:$B,P$6,Enrolment!$H:$H,P$7,Enrolment!$D:$D,RIGHT($A9,1)) -> 0
A10: Semester 3 | B10: =SUMIFS(Enrolment!$E:$E,Enrolment!$B:$B,B$6,Enrolment!$H:$H,B$7,Enrolment!$D:$D,RIGHT($A10,1)) -> 0 | C10: =SUMIFS(Enrolment!$E:$E,Enrolment!$B:$B,C$6,Enrolment!$H:$H,C$7,Enrolment!$D:$D,RIGHT($A10,1)) -> 0 | D10: =SUMIFS(Enrolment!$E:$E,Enrolment!$B:$B,D$6,Enrolment!$H:$H,D$7,Enrolment!$D:$D,RIGHT($A10,1)) -> 0 | E10: =SUMIFS(Enrolment!$E:$E,Enrolment!$B:$B,E$6,Enrolment!$H:$H,E$7,Enrolment!$D:$D,RIGHT($A10,1)) -> 0 | F10: =SUMIFS(Enrolment!$E:$E,Enrolment!$B:$B,F$6,Enrolment!$H:$H,F$7,Enrolment!$D:$D,RIGHT($A10,1)) -> 0 | G10: =SUMIFS(Enrolment!$E:$E,Enrolment!$B:$B,G$6,Enrolment!$H:$H,G$7,Enrolment!$D:$D,RIGHT($A10,1)) -> 0 | H10: =SUMIFS(Enrolment!$E:$E,Enrolment!$B:$B,H$6,Enrolment!$H:$H,H$7,Enrolment!$D:$D,RIGHT($A10,1)) -> 0 | I10: =SUMIFS(Enrolment!$E:$E,Enrolment!$B:$B,I$6,Enrolment!$H:$H,I$7,Enrolment!$D:$D,RIGHT($A10,1)) -> 0 | ... P10: =SUMIFS(Enrolment!$E:$E,Enrolment!$B:$B,P$6,Enrolment!$H:$H,P$7,Enrolment!$D:$D,RIGHT($A10,1)) -> 0
A11: Semester 4 | B11: =SUMIFS(Enrolment!$E:$E,Enrolment!$B:$B,B$6,Enrolment!$H:$H,B$7,Enrolment!$D:$D,RIGHT($A11,1)) -> 0 | C11: =SUMIFS(Enrolment!$E:$E,Enrolment!$B:$B,C$6,Enrolment!$H:$H,C$7,Enrolment!$D:$D,RIGHT($A11,1)) -> 0 | D11: =SUMIFS(Enrolment!$E:$E,Enrolment!$B:$B,D$6,Enrolment!$H:$H,D$7,Enrolment!$D:$D,RIGHT($A11,1)) -> 0 | E11: =SUMIFS(Enrolment!$E:$E,Enrolment!$B:$B,E$6,Enrolment!$H:$H,E$7,Enrolment!$D:$D,RIGHT($A11,1)) -> 0 | F11: =SUMIFS(Enrolment!$E:$E,Enrolment!$B:$B,F$6,Enrolment!$H:$H,F$7,Enrolment!$D:$D,RIGHT($A11,1)) -> 0 | G11: =SUMIFS(Enrolment!$E:$E,Enrolment!$B:$B,G$6,Enrolment!$H:$H,G$7,Enrolment!$D:$D,RIGHT($A11,1)) -> 0 | H11: =SUMIFS(Enrolment!$E:$E,Enrolment!$B:$B,H$6,Enrolment!$H:$H,H$7,Enrolment!$D:$D,RIGHT($A11,1)) -> 0 | I11: =SUMIFS(Enrolment!$E:$E,Enrolment!$B:$B,I$6,Enrolment!$H:$H,I$7,Enrolment!$D:$D,RIGHT($A11,1)) -> 0 | ... P11: =SUMIFS(Enrolment!$E:$E,Enrolment!$B:$B,P$6,Enrolment!$H:$H,P$7,Enrolment!$D:$D,RIGHT($A11,1)) -> 0
A12: Semester 5 | B12: =SUMIFS(Enrolment!$E:$E,Enrolment!$B:$B,B$6,Enrolment!$H:$H,B$7,Enrolment!$D:$D,RIGHT($A12,1)) -> 0 | C12: =SUMIFS(Enrolment!$E:$E,Enrolment!$B:$B,C$6,Enrolment!$H:$H,C$7,Enrolment!$D:$D,RIGHT($A12,1)) -> 0 | D12: =SUMIFS(Enrolment!$E:$E,Enrolment!$B:$B,D$6,Enrolment!$H:$H,D$7,Enrolment!$D:$D,RIGHT($A12,1)) -> 0 | E12: =SUMIFS(Enrolment!$E:$E,Enrolment!$B:$B,E$6,Enrolment!$H:$H,E$7,Enrolment!$D:$D,RIGHT($A12,1)) -> 0 | F12: =SUMIFS(Enrolment!$E:$E,Enrolment!$B:$B,F$6,Enrolment!$H:$H,F$7,Enrolment!$D:$D,RIGHT($A12,1)) -> 0 | G12: =SUMIFS(Enrolment!$E:$E,Enrolment!$B:$B,G$6,Enrolment!$H:$H,G$7,Enrolment!$D:$D,RIGHT($A12,1)) -> 0 | H12: =SUMIFS(Enrolment!$E:$E,Enrolment!$B:$B,H$6,Enrolment!$H:$H,H$7,Enrolment!$D:$D,RIGHT($A12,1)) -> 0 | I12: =SUMIFS(Enrolment!$E:$E,Enrolment!$B:$B,I$6,Enrolment!$H:$H,I$7,Enrolment!$D:$D,RIGHT($A12,1)) -> 0 | ... P12: =SUMIFS(Enrolment!$E:$E,Enrolment!$B:$B,P$6,Enrolment!$H:$H,P$7,Enrolment!$D:$D,RIGHT($A12,1)) -> 0
A13: Semester 6 | B13: =SUMIFS(Enrolment!$E:$E,Enrolment!$B:$B,B$6,Enrolment!$H:$H,B$7,Enrolment!$D:$D,RIGHT($A13,1)) -> 0 | C13: =SUMIFS(Enrolment!$E:$E,Enrolment!$B:$B,C$6,Enrolment!$H:$H,C$7,Enrolment!$D:$D,RIGHT($A13,1)) -> 0 | D13: =SUMIFS(Enrolment!$E:$E,Enrolment!$B:$B,D$6,Enrolment!$H:$H,D$7,Enrolment!$D:$D,RIGHT($A13,1)) -> 0 | E13: =SUMIFS(Enrolment!$E:$E,Enrolment!$B:$B,E$6,Enrolment!$H:$H,E$7,Enrolment!$D:$D,RIGHT($A13,1)) -> 0 | F13: =SUMIFS(Enrolment!$E:$E,Enrolment!$B:$B,F$6,Enrolment!$H:$H,F$7,Enrolment!$D:$D,RIGHT($A13,1)) -> 0 | G13: =SUMIFS(Enrolment!$E:$E,Enrolment!$B:$B,G$6,Enrolment!$H:$H,G$7,Enrolment!$D:$D,RIGHT($A13,1)) -> 0 | H13: =SUMIFS(Enrolment!$E:$E,Enrolment!$B:$B,H$6,Enrolment!$H:$H,H$7,Enrolment!$D:$D,RIGHT($A13,1)) -> 0 | I13: =SUMIFS(Enrolment!$E:$E,Enrolment!$B:$B,I$6,Enrolment!$H:$H,I$7,Enrolment!$D:$D,RIGHT($A13,1)) -> 0 | ... P13: =SUMIFS(Enrolment!$E:$E,Enrolment!$B:$B,P$6,Enrolment!$H:$H,P$7,Enrolment!$D:$D,RIGHT($A13,1)) -> 0
A14: Semester 7 | B14: =SUMIFS(Enrolment!$E:$E,Enrolment!$B:$B,B$6,Enrolment!$H:$H,B$7,Enrolment!$D:$D,RIGHT($A14,1)) -> 0 | C14: =SUMIFS(Enrolment!$E:$E,Enrolment!$B:$B,C$6,Enrolment!$H:$H,C$7,Enrolment!$D:$D,RIGHT($A14,1)) -> 0 | D14: =SUMIFS(Enrolment!$E:$E,Enrolment!$B:$B,D$6,Enrolment!$H:$H,D$7,Enrolment!$D:$D,RIGHT($A14,1)) -> 0 | E14: =SUMIFS(Enrolment!$E:$E,Enrolment!$B:$B,E$6,Enrolment!$H:$H,E$7,Enrolment!$D:$D,RIGHT($A14,1)) -> 0 | F14: =SUMIFS(Enrolment!$E:$E,Enrolment!$B:$B,F$6,Enrolment!$H:$H,F$7,Enrolment!$D:$D,RIGHT($A14,1)) -> 0 | G14: =SUMIFS(Enrolment!$E:$E,Enrolment!$B:$B,G$6,Enrolment!$H:$H,G$7,Enrolment!$D:$D,RIGHT($A14,1)) -> 0 | H14: =SUMIFS(Enrolment!$E:$E,Enrolment!$B:$B,H$6,Enrolment!$H:$H,H$7,Enrolment!$D:$D,RIGHT($A14,1)) -> 0 | I14: =SUMIFS(Enrolment!$E:$E,Enrolment!$B:$B,I$6,Enrolment!$H:$H,I$7,Enrolment!$D:$D,RIGHT($A14,1)) -> 0 | ... P14: =SUMIFS(Enrolment!$E:$E,Enrolment!$B:$B,P$6,Enrolment!$H:$H,P$7,Enrolment!$D:$D,RIGHT($A14,1)) -> 0
A15: Semester 8 | B15: =SUMIFS(Enrolment!$E:$E,Enrolment!$B:$B,B$6,Enrolment!$H:$H,B$7,Enrolment!$D:$D,RIGHT($A15,1)) -> 0 | C15: =SUMIFS(Enrolment!$E:$E,Enrolment!$B:$B,C$6,Enrolment!$H:$H,C$7,Enrolment!$D:$D,RIGHT($A15,1)) -> 0 | D15: =SUMIFS(Enrolment!$E:$E,Enrolment!$B:$B,D$6,Enrolment!$H:$H,D$7,Enrolment!$D:$D,RIGHT($A15,1)) -> 0 | E15: =SUMIFS(Enrolment!$E:$E,Enrolment!$B:$B,E$6,Enrolment!$H:$H,E$7,Enrolment!$D:$D,RIGHT($A15,1)) -> 0 | F15: =SUMIFS(Enrolment!$E:$E,Enrolment!$B:$B,F$6,Enrolment!$H:$H,F$7,Enrolment!$D:$D,RIGHT($A15,1)) -> 0 | G15: =SUMIFS(Enrolment!$E:$E,Enrolment!$B:$B,G$6,Enrolment!$H:$H,G$7,Enrolment!$D:$D,RIGHT($A15,1)) -> 0 | H15: =SUMIFS(Enrolment!$E:$E,Enrolment!$B:$B,H$6,Enrolment!$H:$H,H$7,Enrolment!$D:$D,RIGHT($A15,1)) -> 0 | I15: =SUMIFS(Enrolment!$E:$E,Enrolment!$B:$B,I$6,Enrolment!$H:$H,I$7,Enrolment!$D:$D,RIGHT($A15,1)) -> 0 | ... P15: =SUMIFS(Enrolment!$E:$E,Enrolment!$B:$B,P$6,Enrolment!$H:$H,P$7,Enrolment!$D:$D,RIGHT($A15,1)) -> 0
A16: Semester 9 | B16: =SUMIFS(Enrolment!$E:$E,Enrolment!$B:$B,B$6,Enrolment!$H:$H,B$7,Enrolment!$D:$D,RIGHT($A16,1)) -> 0 | C16: =SUMIFS(Enrolment!$E:$E,Enrolment!$B:$B,C$6,Enrolment!$H:$H,C$7,Enrolment!$D:$D,RIGHT($A16,1)) -> 0 | D16: =SUMIFS(Enrolment!$E:$E,Enrolment!$B:$B,D$6,Enrolment!$H:$H,D$7,Enrolment!$D:$D,RIGHT($A16,1)) -> 0 | E16: =SUMIFS(Enrolment!$E:$E,Enrolment!$B:$B,E$6,Enrolment!$H:$H,E$7,Enrolment!$D:$D,RIGHT($A16,1)) -> 0 | F16: =SUMIFS(Enrolment!$E:$E,Enrolment!$B:$B,F$6,Enrolment!$H:$H,F$7,Enrolment!$D:$D,RIGHT($A16,1)) -> 0 | G16: =SUMIFS(Enrolment!$E:$E,Enrolment!$B:$B,G$6,Enrolment!$H:$H,G$7,Enrolment!$D:$D,RIGHT($A16,1)) -> 0 | H16: =SUMIFS(Enrolment!$E:$E,Enrolment!$B:$B,H$6,Enrolment!$H:$H,H$7,Enrolment!$D:$D,RIGHT($A16,1)) -> 0 | I16: =SUMIFS(Enrolment!$E:$E,Enrolment!$B:$B,I$6,Enrolment!$H:$H,I$7,Enrolment!$D:$D,RIGHT($A16,1)) -> 0 | ... P16: =SUMIFS(Enrolment!$E:$E,Enrolment!$B:$B,P$6,Enrolment!$H:$H,P$7,Enrolment!$D:$D,RIGHT($A16,1)) -> 0
A17: Ttl Domestic | B17: =SUM(B8:B16) -> 0 | C17: =SUM(C8:C16) -> 0 | D17: =SUM(D8:D16) -> 0 | E17: =SUM(E8:E16) -> 0 | F17: =SUM(F8:F16) -> 0 | G17: =SUM(G8:G16) -> 0 | H17: =SUM(H8:H16) -> 0 | I17: =SUM(I8:I16) -> 0 | ... P17: =SUM(P8:P16) -> 0
B19: INTERNATIONAL ENROLMENT
A20: Fiscal Year | B20: =B$6 -> 27/28 | C20: =C$6 -> 27/28 | D20: =D$6 -> 27/28 | E20: =E$6 -> 28/29 | F20: =F$6 -> 28/29 | G20: =G$6 -> 28/29 | H20: =H$6 -> 29/30 | I20: =I$6 -> 29/30 | ... P20: =P$6 -> 31/32
A21: International | B21: S | C21: F | D21: W | E21: S | F21: F | G21: W | H21: S | I21: F | J21: W | K21: S | L21: F | M21: W | N21: S | O21: F | P21: W
A22: Semester 1 | B22: =SUMIFS(Enrolment!$F:$F,Enrolment!$B:$B,B$6,Enrolment!$H:$H,B$7,Enrolment!$D:$D,RIGHT($A22,1)) -> 0 | C22: =SUMIFS(Enrolment!$F:$F,Enrolment!$B:$B,C$6,Enrolment!$H:$H,C$7,Enrolment!$D:$D,RIGHT($A22,1)) -> 0 | D22: =SUMIFS(Enrolment!$F:$F,Enrolment!$B:$B,D$6,Enrolment!$H:$H,D$7,Enrolment!$D:$D,RIGHT($A22,1)) -> 0 | E22: =SUMIFS(Enrolment!$F:$F,Enrolment!$B:$B,E$6,Enrolment!$H:$H,E$7,Enrolment!$D:$D,RIGHT($A22,1)) -> 0 | F22: =SUMIFS(Enrolment!$F:$F,Enrolment!$B:$B,F$6,Enrolment!$H:$H,F$7,Enrolment!$D:$D,RIGHT($A22,1)) -> 0 | G22: =SUMIFS(Enrolment!$F:$F,Enrolment!$B:$B,G$6,Enrolment!$H:$H,G$7,Enrolment!$D:$D,RIGHT($A22,1)) -> 0 | H22: =SUMIFS(Enrolment!$F:$F,Enrolment!$B:$B,H$6,Enrolment!$H:$H,H$7,Enrolment!$D:$D,RIGHT($A22,1)) -> 0 | I22: =SUMIFS(Enrolment!$F:$F,Enrolment!$B:$B,I$6,Enrolment!$H:$H,I$7,Enrolment!$D:$D,RIGHT($A22,1)) -> 0 | ... P22: =SUMIFS(Enrolment!$F:$F,Enrolment!$B:$B,P$6,Enrolment!$H:$H,P$7,Enrolment!$D:$D,RIGHT($A22,1)) -> 0
A23: Semester 2 | B23: =SUMIFS(Enrolment!$F:$F,Enrolment!$B:$B,B$6,Enrolment!$H:$H,B$7,Enrolment!$D:$D,RIGHT($A23,1)) -> 0 | C23: =SUMIFS(Enrolment!$F:$F,Enrolment!$B:$B,C$6,Enrolment!$H:$H,C$7,Enrolment!$D:$D,RIGHT($A23,1)) -> 0 | D23: =SUMIFS(Enrolment!$F:$F,Enrolment!$B:$B,D$6,Enrolment!$H:$H,D$7,Enrolment!$D:$D,RIGHT($A23,1)) -> 0 | E23: =SUMIFS(Enrolment!$F:$F,Enrolment!$B:$B,E$6,Enrolment!$H:$H,E$7,Enrolment!$D:$D,RIGHT($A23,1)) -> 0 | F23: =SUMIFS(Enrolment!$F:$F,Enrolment!$B:$B,F$6,Enrolment!$H:$H,F$7,Enrolment!$D:$D,RIGHT($A23,1)) -> 0 | G23: =SUMIFS(Enrolment!$F:$F,Enrolment!$B:$B,G$6,Enrolment!$H:$H,G$7,Enrolment!$D:$D,RIGHT($A23,1)) -> 0 | H23: =SUMIFS(Enrolment!$F:$F,Enrolment!$B:$B,H$6,Enrolment!$H:$H,H$7,Enrolment!$D:$D,RIGHT($A23,1)) -> 0 | I23: =SUMIFS(Enrolment!$F:$F,Enrolment!$B:$B,I$6,Enrolment!$H:$H,I$7,Enrolment!$D:$D,RIGHT($A23,1)) -> 0 | ... P23: =SUMIFS(Enrolment!$F:$F,Enrolment!$B:$B,P$6,Enrolment!$H:$H,P$7,Enrolment!$D:$D,RIGHT($A23,1)) -> 0
A24: Semester 3 | B24: =SUMIFS(Enrolment!$F:$F,Enrolment!$B:$B,B$6,Enrolment!$H:$H,B$7,Enrolment!$D:$D,RIGHT($A24,1)) -> 0 | C24: =SUMIFS(Enrolment!$F:$F,Enrolment!$B:$B,C$6,Enrolment!$H:$H,C$7,Enrolment!$D:$D,RIGHT($A24,1)) -> 0 | D24: =SUMIFS(Enrolment!$F:$F,Enrolment!$B:$B,D$6,Enrolment!$H:$H,D$7,Enrolment!$D:$D,RIGHT($A24,1)) -> 0 | E24: =SUMIFS(Enrolment!$F:$F,Enrolment!$B:$B,E$6,Enrolment!$H:$H,E$7,Enrolment!$D:$D,RIGHT($A24,1)) -> 0 | F24: =SUMIFS(Enrolment!$F:$F,Enrolment!$B:$B,F$6,Enrolment!$H:$H,F$7,Enrolment!$D:$D,RIGHT($A24,1)) -> 0 | G24: =SUMIFS(Enrolment!$F:$F,Enrolment!$B:$B,G$6,Enrolment!$H:$H,G$7,Enrolment!$D:$D,RIGHT($A24,1)) -> 0 | H24: =SUMIFS(Enrolment!$F:$F,Enrolment!$B:$B,H$6,Enrolment!$H:$H,H$7,Enrolment!$D:$D,RIGHT($A24,1)) -> 0 | I24: =SUMIFS(Enrolment!$F:$F,Enrolment!$B:$B,I$6,Enrolment!$H:$H,I$7,Enrolment!$D:$D,RIGHT($A24,1)) -> 0 | ... P24: =SUMIFS(Enrolment!$F:$F,Enrolment!$B:$B,P$6,Enrolment!$H:$H,P$7,Enrolment!$D:$D,RIGHT($A24,1)) -> 0
A25: Semester 4 | B25: =SUMIFS(Enrolment!$F:$F,Enrolment!$B:$B,B$6,Enrolment!$H:$H,B$7,Enrolment!$D:$D,RIGHT($A25,1)) -> 0 | C25: =SUMIFS(Enrolment!$F:$F,Enrolment!$B:$B,C$6,Enrolment!$H:$H,C$7,Enrolment!$D:$D,RIGHT($A25,1)) -> 0 | D25: =SUMIFS(Enrolment!$F:$F,Enrolment!$B:$B,D$6,Enrolment!$H:$H,D$7,Enrolment!$D:$D,RIGHT($A25,1)) -> 0 | E25: =SUMIFS(Enrolment!$F:$F,Enrolment!$B:$B,E$6,Enrolment!$H:$H,E$7,Enrolment!$D:$D,RIGHT($A25,1)) -> 0 | F25: =SUMIFS(Enrolment!$F:$F,Enrolment!$B:$B,F$6,Enrolment!$H:$H,F$7,Enrolment!$D:$D,RIGHT($A25,1)) -> 0 | G25: =SUMIFS(Enrolment!$F:$F,Enrolment!$B:$B,G$6,Enrolment!$H:$H,G$7,Enrolment!$D:$D,RIGHT($A25,1)) -> 0 | H25: =SUMIFS(Enrolment!$F:$F,Enrolment!$B:$B,H$6,Enrolment!$H:$H,H$7,Enrolment!$D:$D,RIGHT($A25,1)) -> 0 | I25: =SUMIFS(Enrolment!$F:$F,Enrolment!$B:$B,I$6,Enrolment!$H:$H,I$7,Enrolment!$D:$D,RIGHT($A25,1)) -> 0 | ... P25: =SUMIFS(Enrolment!$F:$F,Enrolment!$B:$B,P$6,Enrolment!$H:$H,P$7,Enrolment!$D:$D,RIGHT($A25,1)) -> 0
A26: Semester 5 | B26: =SUMIFS(Enrolment!$F:$F,Enrolment!$B:$B,B$6,Enrolment!$H:$H,B$7,Enrolment!$D:$D,RIGHT($A26,1)) -> 0 | C26: =SUMIFS(Enrolment!$F:$F,Enrolment!$B:$B,C$6,Enrolment!$H:$H,C$7,Enrolment!$D:$D,RIGHT($A26,1)) -> 0 | D26: =SUMIFS(Enrolment!$F:$F,Enrolment!$B:$B,D$6,Enrolment!$H:$H,D$7,Enrolment!$D:$D,RIGHT($A26,1)) -> 0 | E26: =SUMIFS(Enrolment!$F:$F,Enrolment!$B:$B,E$6,Enrolment!$H:$H,E$7,Enrolment!$D:$D,RIGHT($A26,1)) -> 0 | F26: =SUMIFS(Enrolment!$F:$F,Enrolment!$B:$B,F$6,Enrolment!$H:$H,F$7,Enrolment!$D:$D,RIGHT($A26,1)) -> 0 | G26: =SUMIFS(Enrolment!$F:$F,Enrolment!$B:$B,G$6,Enrolment!$H:$H,G$7,Enrolment!$D:$D,RIGHT($A26,1)) -> 0 | H26: =SUMIFS(Enrolment!$F:$F,Enrolment!$B:$B,H$6,Enrolment!$H:$H,H$7,Enrolment!$D:$D,RIGHT($A26,1)) -> 0 | I26: =SUMIFS(Enrolment!$F:$F,Enrolment!$B:$B,I$6,Enrolment!$H:$H,I$7,Enrolment!$D:$D,RIGHT($A26,1)) -> 0 | ... P26: =SUMIFS(Enrolment!$F:$F,Enrolment!$B:$B,P$6,Enrolment!$H:$H,P$7,Enrolment!$D:$D,RIGHT($A26,1)) -> 0
A27: Semester 6 | B27: =SUMIFS(Enrolment!$F:$F,Enrolment!$B:$B,B$6,Enrolment!$H:$H,B$7,Enrolment!$D:$D,RIGHT($A27,1)) -> 0 | C27: =SUMIFS(Enrolment!$F:$F,Enrolment!$B:$B,C$6,Enrolment!$H:$H,C$7,Enrolment!$D:$D,RIGHT($A27,1)) -> 0 | D27: =SUMIFS(Enrolment!$F:$F,Enrolment!$B:$B,D$6,Enrolment!$H:$H,D$7,Enrolment!$D:$D,RIGHT($A27,1)) -> 0 | E27: =SUMIFS(Enrolment!$F:$F,Enrolment!$B:$B,E$6,Enrolment!$H:$H,E$7,Enrolment!$D:$D,RIGHT($A27,1)) -> 0 | F27: =SUMIFS(Enrolment!$F:$F,Enrolment!$B:$B,F$6,Enrolment!$H:$H,F$7,Enrolment!$D:$D,RIGHT($A27,1)) -> 0 | G27: =SUMIFS(Enrolment!$F:$F,Enrolment!$B:$B,G$6,Enrolment!$H:$H,G$7,Enrolment!$D:$D,RIGHT($A27,1)) -> 0 | H27: =SUMIFS(Enrolment!$F:$F,Enrolment!$B:$B,H$6,Enrolment!$H:$H,H$7,Enrolment!$D:$D,RIGHT($A27,1)) -> 0 | I27: =SUMIFS(Enrolment!$F:$F,Enrolment!$B:$B,I$6,Enrolment!$H:$H,I$7,Enrolment!$D:$D,RIGHT($A27,1)) -> 0 | ... P27: =SUMIFS(Enrolment!$F:$F,Enrolment!$B:$B,P$6,Enrolment!$H:$H,P$7,Enrolment!$D:$D,RIGHT($A27,1)) -> 0
A28: Semester 7 | B28: =SUMIFS(Enrolment!$F:$F,Enrolment!$B:$B,B$6,Enrolment!$H:$H,B$7,Enrolment!$D:$D,RIGHT($A28,1)) -> 0 | C28: =SUMIFS(Enrolment!$F:$F,Enrolment!$B:$B,C$6,Enrolment!$H:$H,C$7,Enrolment!$D:$D,RIGHT($A28,1)) -> 0 | D28: =SUMIFS(Enrolment!$F:$F,Enrolment!$B:$B,D$6,Enrolment!$H:$H,D$7,Enrolment!$D:$D,RIGHT($A28,1)) -> 0 | E28: =SUMIFS(Enrolment!$F:$F,Enrolment!$B:$B,E$6,Enrolment!$H:$H,E$7,Enrolment!$D:$D,RIGHT($A28,1)) -> 0 | F28: =SUMIFS(Enrolment!$F:$F,Enrolment!$B:$B,F$6,Enrolment!$H:$H,F$7,Enrolment!$D:$D,RIGHT($A28,1)) -> 0 | G28: =SUMIFS(Enrolment!$F:$F,Enrolment!$B:$B,G$6,Enrolment!$H:$H,G$7,Enrolment!$D:$D,RIGHT($A28,1)) -> 0 | H28: =SUMIFS(Enrolment!$F:$F,Enrolment!$B:$B,H$6,Enrolment!$H:$H,H$7,Enrolment!$D:$D,RIGHT($A28,1)) -> 0 | I28: =SUMIFS(Enrolment!$F:$F,Enrolment!$B:$B,I$6,Enrolment!$H:$H,I$7,Enrolment!$D:$D,RIGHT($A28,1)) -> 0 | ... P28: =SUMIFS(Enrolment!$F:$F,Enrolment!$B:$B,P$6,Enrolment!$H:$H,P$7,Enrolment!$D:$D,RIGHT($A28,1)) -> 0
A29: Semester 8 | B29: =SUMIFS(Enrolment!$F:$F,Enrolment!$B:$B,B$6,Enrolment!$H:$H,B$7,Enrolment!$D:$D,RIGHT($A29,1)) -> 0 | C29: =SUMIFS(Enrolment!$F:$F,Enrolment!$B:$B,C$6,Enrolment!$H:$H,C$7,Enrolment!$D:$D,RIGHT($A29,1)) -> 0 | D29: =SUMIFS(Enrolment!$F:$F,Enrolment!$B:$B,D$6,Enrolment!$H:$H,D$7,Enrolment!$D:$D,RIGHT($A29,1)) -> 0 | E29: =SUMIFS(Enrolment!$F:$F,Enrolment!$B:$B,E$6,Enrolment!$H:$H,E$7,Enrolment!$D:$D,RIGHT($A29,1)) -> 0 | F29: =SUMIFS(Enrolment!$F:$F,Enrolment!$B:$B,F$6,Enrolment!$H:$H,F$7,Enrolment!$D:$D,RIGHT($A29,1)) -> 0 | G29: =SUMIFS(Enrolment!$F:$F,Enrolment!$B:$B,G$6,Enrolment!$H:$H,G$7,Enrolment!$D:$D,RIGHT($A29,1)) -> 0 | H29: =SUMIFS(Enrolment!$F:$F,Enrolment!$B:$B,H$6,Enrolment!$H:$H,H$7,Enrolment!$D:$D,RIGHT($A29,1)) -> 0 | I29: =SUMIFS(Enrolment!$F:$F,Enrolment!$B:$B,I$6,Enrolment!$H:$H,I$7,Enrolment!$D:$D,RIGHT($A29,1)) -> 0 | ... P29: =SUMIFS(Enrolment!$F:$F,Enrolment!$B:$B,P$6,Enrolment!$H:$H,P$7,Enrolment!$D:$D,RIGHT($A29,1)) -> 0
A30: Semester 9 | B30: =SUMIFS(Enrolment!$F:$F,Enrolment!$B:$B,B$6,Enrolment!$H:$H,B$7,Enrolment!$D:$D,RIGHT($A30,1)) -> 0 | C30: =SUMIFS(Enrolment!$F:$F,Enrolment!$B:$B,C$6,Enrolment!$H:$H,C$7,Enrolment!$D:$D,RIGHT($A30,1)) -> 0 | D30: =SUMIFS(Enrolment!$F:$F,Enrolment!$B:$B,D$6,Enrolment!$H:$H,D$7,Enrolment!$D:$D,RIGHT($A30,1)) -> 0 | E30: =SUMIFS(Enrolment!$F:$F,Enrolment!$B:$B,E$6,Enrolment!$H:$H,E$7,Enrolment!$D:$D,RIGHT($A30,1)) -> 0 | F30: =SUMIFS(Enrolment!$F:$F,Enrolment!$B:$B,F$6,Enrolment!$H:$H,F$7,Enrolment!$D:$D,RIGHT($A30,1)) -> 0 | G30: =SUMIFS(Enrolment!$F:$F,Enrolment!$B:$B,G$6,Enrolment!$H:$H,G$7,Enrolment!$D:$D,RIGHT($A30,1)) -> 0 | H30: =SUMIFS(Enrolment!$F:$F,Enrolment!$B:$B,H$6,Enrolment!$H:$H,H$7,Enrolment!$D:$D,RIGHT($A30,1)) -> 0 | I30: =SUMIFS(Enrolment!$F:$F,Enrolment!$B:$B,I$6,Enrolment!$H:$H,I$7,Enrolment!$D:$D,RIGHT($A30,1)) -> 0 | ... P30: =SUMIFS(Enrolment!$F:$F,Enrolment!$B:$B,P$6,Enrolment!$H:$H,P$7,Enrolment!$D:$D,RIGHT($A30,1)) -> 0
A31: Ttl International | B31: =SUM(B22:B30) -> 0 | C31: =SUM(C22:C30) -> 0 | D31: =SUM(D22:D30) -> 0 | E31: =SUM(E22:E30) -> 0 | F31: =SUM(F22:F30) -> 0 | G31: =SUM(G22:G30) -> 0 | H31: =SUM(H22:H30) -> 0 | I31: =SUM(I22:I30) -> 0 | ... P31: =SUM(P22:P30) -> 0
B38: GRAND TOTAL ENROLMENT
B39: =B$6 -> 27/28 | C39: =C$6 -> 27/28 | D39: =D$6 -> 27/28 | E39: =E$6 -> 28/29 | F39: =F$6 -> 28/29 | G39: =G$6 -> 28/29 | H39: =H$6 -> 29/30 | I39: =I$6 -> 29/30 | ... P39: =P$6 -> 31/32
A40: Grand Total | B40: S | C40: F | D40: W | E40: S | F40: F | G40: W | H40: S | I40: F | J40: W | K40: S | L40: F | M40: W | N40: S | O40: F | P40: W
A41: Semester 1 | B41: =B8+B22 -> 0 | C41: =C8+C22 -> 0 | D41: =D8+D22 -> 0 | E41: =E8+E22 -> 0 | F41: =F8+F22 -> 0 | G41: =G8+G22 -> 0 | H41: =H8+H22 -> 0 | I41: =I8+I22 -> 0 | ... P41: =P8+P22 -> 0
A42: Semester 2 | B42: =B9+B23 -> 0 | C42: =C9+C23 -> 0 | D42: =D9+D23 -> 0 | E42: =E9+E23 -> 0 | F42: =F9+F23 -> 0 | G42: =G9+G23 -> 0 | H42: =H9+H23 -> 0 | I42: =I9+I23 -> 0 | ... P42: =P9+P23 -> 0
A43: Semester 3 | B43: =B10+B24 -> 0 | C43: =C10+C24 -> 0 | D43: =D10+D24 -> 0 | E43: =E10+E24 -> 0 | F43: =F10+F24 -> 0 | G43: =G10+G24 -> 0 | H43: =H10+H24 -> 0 | I43: =I10+I24 -> 0 | ... P43: =P10+P24 -> 0
A44: Semester 4 | B44: =B11+B25 -> 0 | C44: =C11+C25 -> 0 | D44: =D11+D25 -> 0 | E44: =E11+E25 -> 0 | F44: =F11+F25 -> 0 | G44: =G11+G25 -> 0 | H44: =H11+H25 -> 0 | I44: =I11+I25 -> 0 | ... P44: =P11+P25 -> 0
A45: Semester 5 | B45: =B12+B26 -> 0 | C45: =C12+C26 -> 0 | D45: =D12+D26 -> 0 | E45: =E12+E26 -> 0 | F45: =F12+F26 -> 0 | G45: =G12+G26 -> 0 | H45: =H12+H26 -> 0 | I45: =I12+I26 -> 0 | ... P45: =P12+P26 -> 0
A46: Semester 6 | B46: =B13+B27 -> 0 | C46: =C13+C27 -> 0 | D46: =D13+D27 -> 0 | E46: =E13+E27 -> 0 | F46: =F13+F27 -> 0 | G46: =G13+G27 -> 0 | H46: =H13+H27 -> 0 | I46: =I13+I27 -> 0 | ... P46: =P13+P27 -> 0
A47: Semester 7 | B47: =B14+B28 -> 0 | C47: =C14+C28 -> 0 | D47: =D14+D28 -> 0 | E47: =E14+E28 -> 0 | F47: =F14+F28 -> 0 | G47: =G14+G28 -> 0 | H47: =H14+H28 -> 0 | I47: =I14+I28 -> 0 | ... P47: =P14+P28 -> 0
A48: Semester 8 | B48: =B15+B29 -> 0 | C48: =C15+C29 -> 0 | D48: =D15+D29 -> 0 | E48: =E15+E29 -> 0 | F48: =F15+F29 -> 0 | G48: =G15+G29 -> 0 | H48: =H15+H29 -> 0 | I48: =I15+I29 -> 0 | ... P48: =P15+P29 -> 0
A49: Semester 9 | B49: =B16+B30 -> 0 | C49: =C16+C30 -> 0 | D49: =D16+D30 -> 0 | E49: =E16+E30 -> 0 | F49: =F16+F30 -> 0 | G49: =G16+G30 -> 0 | H49: =H16+H30 -> 0 | I49: =I16+I30 -> 0 | ... P49: =P16+P30 -> 0
A50: Grand Total | B50: =SUM(B41:B49) -> 0 | C50: =SUM(C41:C49) -> 0 | D50: =SUM(D41:D49) -> 0 | E50: =SUM(E41:E49) -> 0 | F50: =SUM(F41:F49) -> 0 | G50: =SUM(G41:G49) -> 0 | H50: =SUM(H41:H49) -> 0 | I50: =SUM(I41:I49) -> 0 | ... P50: =SUM(P41:P49) -> 0
B52: FINANCE ONLY - ENROL CHECK
A53: Total All Years | P53: =SUM(B50:P50) -> 0
A54: Total per Enrolment Tab | P54: =SUM(Enrolment!G:G) -> 0
A55: Difference (Must be 0!) | P55: =P53-P54 -> 0
B57: FINANCE ONLY - TOTAL REVENUE
B58: =B39 -> 27/28 | E58: =E39 -> 28/29 | H58: =H39 -> 29/30 | K58: =K39 -> 30/31 | N58: =N39 -> 31/32
B59: S | C59: F | D59: W | E59: S | F59: F | G59: W | H59: S | I59: F | J59: W | K59: S | L59: F | M59: W | N59: S | O59: F | P59: W
A61: Domestic Tuition | B61: =B$17*'Program Summary'!$C$10 -> 0 | C61: =C$17*'Program Summary'!$C$10 -> 0 | D61: =D$17*'Program Summary'!$C$10 -> 0 | E61: =E$17*'Program Summary'!$C$10 -> 0 | F61: =F$17*'Program Summary'!$C$10*(1+'Program Summary'!$C$11) -> 0 | G61: =G$17*'Program Summary'!$C$10*(1+'Program Summary'!$C$11) -> 0 | H61: =H$17*'Program Summary'!$C$10*(1+'Program Summary'!$C$11) -> 0 | I61: =I$17*'Program Summary'!$C$10*(1+'Program Summary'!$C$11)^2 -> 0 | J61: =J$17*'Program Summary'!$C$10*(1+'Program Summary'!$C$11)^2 -> 0 | K61: =K$17*'Program Summary'!$C$10*(1+'Program Summary'!$C$11)^2 -> 0 | L61: =L$17*'Program Summary'!$C$10*(1+'Program Summary'!$C$11)^3 -> 0 | M61: =M$17*'Program Summary'!$C$10*(1+'Program Summary'!$C$11)^3 -> 0 | N61: =N$17*'Program Summary'!$C$10*(1+'Program Summary'!$C$11)^3 -> 0 | O61: =O$17*'Program Summary'!$C$10*(1+'Program Summary'!$C$11)^4 -> 0 | P61: =P$17*'Program Summary'!$C$10*(1+'Program Summary'!$C$11)^4 -> 0
A62: Domestic Grant | B62: =B$17*'Program Summary'!$C14*'Program Summary'!$C22 -> 0 | C62: =C$17*'Program Summary'!$C14*'Program Summary'!$C22 -> 0 | D62: =D$17*'Program Summary'!$C14*'Program Summary'!$C22 -> 0 | E62: =E$17*'Program Summary'!$C14*'Program Summary'!$C22 -> 0 | F62: =F$17*'Program Summary'!$C14*'Program Summary'!$C22 -> 0 | G62: =G$17*'Program Summary'!$C14*'Program Summary'!$C22 -> 0 | H62: =H$17*'Program Summary'!$C14*'Program Summary'!$C22 -> 0 | I62: =I$17*'Program Summary'!$C14*'Program Summary'!$C22 -> 0 | ... P62: =P$17*'Program Summary'!$C14*'Program Summary'!$C22 -> 0
A63: International Tuition | B63: =B$31*'Program Summary'!$D$10 -> 0 | C63: =C$31*'Program Summary'!$D$10 -> 0 | D63: =D$31*'Program Summary'!$D$10 -> 0 | E63: =E$31*'Program Summary'!$D$10 -> 0 | F63: =F$31*'Program Summary'!$D$10*(1+'Program Summary'!$D$11) -> 0 | G63: =G$31*'Program Summary'!$D$10*(1+'Program Summary'!$D$11) -> 0 | H63: =H$31*'Program Summary'!$D$10*(1+'Program Summary'!$D$11) -> 0 | I63: =I$31*'Program Summary'!$D$10*(1+'Program Summary'!$D$11)^2 -> 0 | J63: =J$31*'Program Summary'!$D$10*(1+'Program Summary'!$D$11)^2 -> 0 | K63: =K$31*'Program Summary'!$D$10*(1+'Program Summary'!$D$11)^2 -> 0 | L63: =L$31*'Program Summary'!$D$10*(1+'Program Summary'!$D$11)^3 -> 0 | M63: =M$31*'Program Summary'!$D$10*(1+'Program Summary'!$D$11)^3 -> 0 | N63: =N$31*'Program Summary'!$D$10*(1+'Program Summary'!$D$11)^3 -> 0 | O63: =O$31*'Program Summary'!$D$10*(1+'Program Summary'!$D$11)^4 -> 0 | P63: =P$31*'Program Summary'!$D$10*(1+'Program Summary'!$D$11)^4 -> 0
A64: Lab Fees | B64: =B$50*'Program Summary'!$E$10 -> 0 | C64: =C$50*'Program Summary'!$E$10 -> 0 | D64: =D$50*'Program Summary'!$E$10 -> 0 | E64: =E$50*'Program Summary'!$E$10 -> 0 | F64: =F$50*'Program Summary'!$E$10 -> 0 | G64: =G$50*'Program Summary'!$E$10 -> 0 | H64: =H$50*'Program Summary'!$E$10 -> 0 | I64: =I$50*'Program Summary'!$E$10 -> 0 | ... P64: =P$50*'Program Summary'!$E$10 -> 0
A65: Grand Total | B65: =SUM(B61:B64) -> 0 | C65: =SUM(C61:C64) -> 0 | D65: =SUM(D61:D64) -> 0 | E65: =SUM(E61:E64) -> 0 | F65: =SUM(F61:F64) -> 0 | G65: =SUM(G61:G64) -> 0 | H65: =SUM(H61:H64) -> 0 | I65: =SUM(I61:I64) -> 0 | ... P65: =SUM(P61:P64) -> 0
A67: International Tuition Sem 1/2 only for Commission calc | B67: =SUM(B$22:B$23)*'Program Summary'!$D$10 -> 0 | C67: =SUM(C$22:C$23)*'Program Summary'!$D$10 -> 0 | D67: =SUM(D$22:D$23)*'Program Summary'!$D$10 -> 0 | E67: =SUM(E$22:E$23)*'Program Summary'!$D$10 -> 0 | F67: =SUM(F$22:F$23)*'Program Summary'!$D$10*(1+'Program Summary'!$D$11) -> 0 | G67: =SUM(G$22:G$23)*'Program Summary'!$D$10*(1+'Program Summary'!$D$11) -> 0 | H67: =SUM(H$22:H$23)*'Program Summary'!$D$10*(1+'Program Summary'!$D$11) -> 0 | I67: =SUM(I$22:I$23)*'Program Summary'!$D$10*(1+'Program Summary'!$D$11)^2 -> 0 | J67: =SUM(J$22:J$23)*'Program Summary'!$D$10*(1+'Program Summary'!$D$11)^2 -> 0 | K67: =SUM(K$22:K$23)*'Program Summary'!$D$10*(1+'Program Summary'!$D$11)^2 -> 0 | L67: =SUM(L$22:L$23)*'Program Summary'!$D$10*(1+'Program Summary'!$D$11)^3 -> 0 | M67: =SUM(M$22:M$23)*'Program Summary'!$D$10*(1+'Program Summary'!$D$11)^3 -> 0 | N67: =SUM(N$22:N$23)*'Program Summary'!$D$10*(1+'Program Summary'!$D$11)^3 -> 0 | O67: =SUM(O$22:O$23)*'Program Summary'!$D$10*(1+'Program Summary'!$D$11)^4 -> 0 | P67: =SUM(P$22:P$23)*'Program Summary'!$D$10*(1+'Program Summary'!$D$11)^4 -> 0

Sheet TCH
A1: TCH Calcs
A3: Select via Dropdown
A4: Fiscal Year | B4: Term | C4: Sem | D4: Course Code | E4: Course Name | F4: Type | G4: Sec Max | H4: SCH | I4: TCH Faculty | J4: TCH Placement Support | K4: Ttl TCH Other Support | L4: Enrol | M4: Sections | N4: Ttl TCH Faculty | O4: Ttl TCH Placement Support | P4: Ttl TCH Other Support
G5: =IFERROR(VLOOKUP(F5,'Program Summary'!$F$45:$G$49,2,FALSE),0) -> 0 | L5: =SUMIFS(Enrolment!G:G,Enrolment!B:B,A5,Enrolment!C:C,B5,Enrolment!D:D,C5) -> 0 | M5: =IF(L5<>0,IFERROR(ROUNDUP(L5/G5,0),1),0) -> 0 | N5: =I5*$M5 -> 0 | O5: =J5*$M5 -> 0 | P5: =K5*$M5 -> 0 | Q5: =SUM(O5:P5) -> 0 | R5: =LEFT(B5,1)
G6: =IFERROR(VLOOKUP(F6,'Program Summary'!$F$45:$G$49,2,FALSE),0) -> 0 | L6: =SUMIFS(Enrolment!G:G,Enrolment!B:B,A6,Enrolment!C:C,B6,Enrolment!D:D,C6) -> 0 | M6: =IF(L6<>0,IFERROR(ROUNDUP(L6/G6,0),1),0) -> 0 | N6: =I6*$M6 -> 0 | O6: =J6*$M6 -> 0 | P6: =K6*$M6 -> 0 | Q6: =SUM(O6:P6) -> 0 | R6: =LEFT(B6,1)
G7: =IFERROR(VLOOKUP(F7,'Program Summary'!$F$45:$G$49,2,FALSE),0) -> 0 | L7: =SUMIFS(Enrolment!G:G,Enrolment!B:B,A7,Enrolment!C:C,B7,Enrolment!D:D,C7) -> 0 | M7: =IF(L7<>0,IFERROR(ROUNDUP(L7/G7,0),1),0) -> 0 | N7: =I7*$M7 -> 0 | O7: =J7*$M7 -> 0 | P7: =K7*$M7 -> 0 | Q7: =SUM(O7:P7) -> 0 | R7: =LEFT(B7,1)
G8: =IFERROR(VLOOKUP(F8,'Program Summary'!$F$45:$G$49,2,FALSE),0) -> 0 | L8: =SUMIFS(Enrolment!G:G,Enrolment!B:B,A8,Enrolment!C:C,B8,Enrolment!D:D,C8) -> 0 | M8: =IF(L8<>0,IFERROR(ROUNDUP(L8/G8,0),1),0) -> 0 | N8: =I8*$M8 -> 0 | O8: =J8*$M8 -> 0 | P8: =K8*$M8 -> 0 | Q8: =SUM(O8:P8) -> 0 | R8: =LEFT(B8,1)
G9: =IFERROR(VLOOKUP(F9,'Program Summary'!$F$45:$G$49,2,FALSE),0) -> 0 | L9: =SUMIFS(Enrolment!G:G,Enrolment!B:B,A9,Enrolment!C:C,B9,Enrolment!D:D,C9) -> 0 | M9: =IF(L9<>0,IFERROR(ROUNDUP(L9/G9,0),1),0) -> 0 | N9: =I9*$M9 -> 0 | O9: =J9*$M9 -> 0 | P9: =K9*$M9 -> 0 | Q9: =SUM(O9:P9) -> 0 | R9: =LEFT(B9,1)
G10: =IFERROR(VLOOKUP(F10,'Program Summary'!$F$45:$G$49,2,FALSE),0) -> 0 | L10: =SUMIFS(Enrolment!G:G,Enrolment!B:B,A10,Enrolment!C:C,B10,Enrolment!D:D,C10) -> 0 | M10: =IF(L10<>0,IFERROR(ROUNDUP(L10/G10,0),1),0) -> 0 | N10: =I10*$M10 -> 0 | O10: =J10*$M10 -> 0 | P10: =K10*$M10 -> 0 | Q10: =SUM(O10:P10) -> 0 | R10: =LEFT(B10,1)
G11: =IFERROR(VLOOKUP(F11,'Program Summary'!$F$45:$G$49,2,FALSE),0) -> 0 | L11: =SUMIFS(Enrolment!G:G,Enrolment!B:B,A11,Enrolment!C:C,B11,Enrolment!D:D,C11) -> 0 | M11: =IF(L11<>0,IFERROR(ROUNDUP(L11/G11,0),1),0) -> 0 | N11: =I11*$M11 -> 0 | O11: =J11*$M11 -> 0 | P11: =K11*$M11 -> 0 | Q11: =SUM(O11:P11) -> 0 | R11: =LEFT(B11,1)
G12: =IFERROR(VLOOKUP(F12,'Program Summary'!$F$45:$G$49,2,FALSE),0) -> 0 | L12: =SUMIFS(Enrolment!G:G,Enrolment!B:B,A12,Enrolment!C:C,B12,Enrolment!D:D,C12) -> 0 | M12: =IF(L12<>0,IFERROR(ROUNDUP(L12/G12,0),1),0) -> 0 | N12: =I12*$M12 -> 0 | O12: =J12*$M12 -> 0 | P12: =K12*$M12 -> 0 | Q12: =SUM(O12:P12) -> 0 | R12: =LEFT(B12,1)
G13: =IFERROR(VLOOKUP(F13,'Program Summary'!$F$45:$G$49,2,FALSE),0) -> 0 | L13: =SUMIFS(Enrolment!G:G,Enrolment!B:B,A13,Enrolment!C:C,B13,Enrolment!D:D,C13) -> 0 | M13: =IF(L13<>0,IFERROR(ROUNDUP(L13/G13,0),1),0) -> 0 | N13: =I13*$M13 -> 0 | O13: =J13*$M13 -> 0 | P13: =K13*$M13 -> 0 | Q13: =SUM(O13:P13) -> 0 | R13: =LEFT(B13,1)
G14: =IFERROR(VLOOKUP(F14,'Program Summary'!$F$45:$G$49,2,FALSE),0) -> 0 | L14: =SUMIFS(Enrolment!G:G,Enrolment!B:B,A14,Enrolment!C:C,B14,Enrolment!D:D,C14) -> 0 | M14: =IF(L14<>0,IFERROR(ROUNDUP(L14/G14,0),1),0) -> 0 | N14: =I14*$M14 -> 0 | O14: =J14*$M14 -> 0 | P14: =K14*$M14 -> 0 | Q14: =SUM(O14:P14) -> 0 | R14: =LEFT(B14,1)
G15: =IFERROR(VLOOKUP(F15,'Program Summary'!$F$45:$G$49,2,FALSE),0) -> 0 | L15: =SUMIFS(Enrolment!G:G,Enrolment!B:B,A15,Enrolment!C:C,B15,Enrolment!D:D,C15) -> 0 | M15: =IF(L15<>0,IFERROR(ROUNDUP(L15/G15,0),1),0) -> 0 | N15: =I15*$M15 -> 0 | O15: =J15*$M15 -> 0 | P15: =K15*$M15 -> 0 | Q15: =SUM(O15:P15) -> 0 | R15: =LEFT(B15,1)
G16: =IFERROR(VLOOKUP(F16,'Program Summary'!$F$45:$G$49,2,FALSE),0) -> 0 | L16: =SUMIFS(Enrolment!G:G,Enrolment!B:B,A16,Enrolment!C:C,B16,Enrolment!D:D,C16) -> 0 | M16: =IF(L16<>0,IFERROR(ROUNDUP(L16/G16,0),1),0) -> 0 | N16: =I16*$M16 -> 0 | O16: =J16*$M16 -> 0 | P16: =K16*$M16 -> 0 | Q16: =SUM(O16:P16) -> 0 | R16: =LEFT(B16,1)
... G164: =IFERROR(VLOOKUP(F164,'Program Summary'!$F$45:$G$49,2,FALSE),0) -> 0 | L164: =SUMIFS(Enrolment!G:G,Enrolment!B:B,A164,Enrolment!C:C,B164,Enrolment!D:D,C164) -> 0 | M164: =IF(L164<>0,IFERROR(ROUNDUP(L164/G164,0),1),0) -> 0 | N164: =I164*$M164 -> 0 | O164: =J164*$M164 -> 0 | P164: =K164*$M164 -> 0 | Q164: =SUM(O164:P164) -> 0 | R164: =LEFT(B164,1)
C167: Subtotal | H167: =SUBTOTAL(9,H5:H166) -> 0 | I167: =SUBTOTAL(9,I5:I166) -> 0 | J167: =SUBTOTAL(9,J5:J166) -> 0 | K167: =SUBTOTAL(9,K5:K166) -> 0 | M167: =SUBTOTAL(9,M5:M166) -> 0 | N167: =SUBTOTAL(9,N5:N166) -> 0 | O167: =SUBTOTAL(9,O5:O166) -> 0 | P167: =SUBTOTAL(9,P5:P166) -> 0 | Q167: =SUBTOTAL(9,Q5:Q166) -> 0
C168: Reverse Sign Subtotal | H168: =-H167 -> 0 | I168: =-I167 -> 0 | J168: =-J167 -> 0 | K168: =-K167 -> 0 | M168: =-M167 -> 0 | N168: =-N167 -> 0 | O168: =-O167 -> 0 | P168: =-P167 -> 0 | Q168: =-Q167 -> 0

Sheet TCH Summary
A1: Program Costing TCH Forecast - excl TCH from Gen Ed Comms and College Degree Depts | N1: Version Date: | O1: ='Program Summary'!$C$2 -> 0
A2: Program Name: | B2: ='Program Summary'!C3 -> 0 | N2: Location: | O2: ='Program Summary'!$C$4 -> 0
A3: Launch Date | B3: ='Program Summary'!C5 -> 27/28
B5: FACULTY TCH - excl TCH from Gen Ed Comms and College Degree Depts
A6: Fiscal Year | B6: ='Enrol Summary'!$B$6 -> 27/28 | C6: ='Enrol Summary'!C6 -> 27/28 | D6: ='Enrol Summary'!D6 -> 27/28 | E6: =CONCATENATE(LEFT(B6,2)+1,"/",RIGHT(B6,2)+1) -> 28/29 | F6: =CONCATENATE(LEFT(C6,2)+1,"/",RIGHT(C6,2)+1) -> 28/29 | G6: =CONCATENATE(LEFT(D6,2)+1,"/",RIGHT(D6,2)+1) -> 28/29 | H6: =CONCATENATE(LEFT(E6,2)+1,"/",RIGHT(E6,2)+1) -> 29/30 | I6: =CONCATENATE(LEFT(F6,2)+1,"/",RIGHT(F6,2)+1) -> 29/30 | J6: =CONCATENATE(LEFT(G6,2)+1,"/",RIGHT(G6,2)+1) -> 29/30 | K6: =CONCATENATE(LEFT(H6,2)+1,"/",RIGHT(H6,2)+1) -> 30/31 | L6: =CONCATENATE(LEFT(I6,2)+1,"/",RIGHT(I6,2)+1) -> 30/31 | ... P6: =CONCATENATE(LEFT(M6,2)+1,"/",RIGHT(M6,2)+1) -> 31/32
B7: S | C7: F | D7: W | E7: S | F7: F | G7: W | H7: S | I7: F | J7: W | K7: S | L7: F | M7: W | N7: S | O7: F | P7: W
A8: FT Faculty | B8: 0 | C8: 0 | D8: 0 | E8: 0 | F8: 0 | G8: 0 | H8: 0 | I8: 0 | J8: 0 | K8: 0 | L8: 0 | M8: 0 | N8: 0 | O8: 0 | P8: 0
A9: PT Faculty | B9: =SUMIFS(TCH!$N:$N,TCH!$A:$A,B$6,TCH!$R:$R,B$7)-B8 -> 0 | C9: =SUMIFS(TCH!$N:$N,TCH!$A:$A,C$6,TCH!$R:$R,C$7)-C8 -> 0 | D9: =SUMIFS(TCH!$N:$N,TCH!$A:$A,D$6,TCH!$R:$R,D$7)-D8 -> 0 | E9: =SUMIFS(TCH!$N:$N,TCH!$A:$A,E$6,TCH!$R:$R,E$7)-E8 -> 0 | F9: =SUMIFS(TCH!$N:$N,TCH!$A:$A,F$6,TCH!$R:$R,F$7)-F8 -> 0 | G9: =SUMIFS(TCH!$N:$N,TCH!$A:$A,G$6,TCH!$R:$R,G$7)-G8 -> 0 | H9: =SUMIFS(TCH!$N:$N,TCH!$A:$A,H$6,TCH!$R:$R,H$7)-H8 -> 0 | I9: =SUMIFS(TCH!$N:$N,TCH!$A:$A,I$6,TCH!$R:$R,I$7)-I8 -> 0 | ... P9: =SUMIFS(TCH!$N:$N,TCH!$A:$A,P$6,TCH!$R:$R,P$7)-P8 -> 0
A10: Ttl TCH Faculty | B10: =SUM(B8:B9) -> 0 | C10: =SUM(C8:C9) -> 0 | D10: =SUM(D8:D9) -> 0 | E10: =SUM(E8:E9) -> 0 | F10: =SUM(F8:F9) -> 0 | G10: =SUM(G8:G9) -> 0 | H10: =SUM(H8:H9) -> 0 | I10: =SUM(I8:I9) -> 0 | ... P10: =SUM(P8:P9) -> 0
A11: % Taught by FT Faculty | B11: =IFERROR(B8/B10,"") | C11: =IFERROR(C8/C10,"") | D11: =IFERROR(D8/D10,"") | E11: =IFERROR(E8/E10,"") | F11: =IFERROR(F8/F10,"") | G11: =IFERROR(G8/G10,"") | H11: =IFERROR(H8/H10,"") | I11: =IFERROR(I8/I10,"") | ... P11: =IFERROR(P8/P10,"")
B23: SUPPORT TCH
A24: Fiscal Year | B24: ='Enrol Summary'!$B$6 -> 27/28 | C24: ='Enrol Summary'!$B$6 -> 27/28 | D24: ='Enrol Summary'!$B$6 -> 27/28 | E24: =CONCATENATE(LEFT(B24,2)+1,"/",RIGHT(B24,2)+1) -> 28/29 | F24: =CONCATENATE(LEFT(C24,2)+1,"/",RIGHT(C24,2)+1) -> 28/29 | G24: =CONCATENATE(LEFT(D24,2)+1,"/",RIGHT(D24,2)+1) -> 28/29 | H24: =CONCATENATE(LEFT(E24,2)+1,"/",RIGHT(E24,2)+1) -> 29/30 | I24: =CONCATENATE(LEFT(F24,2)+1,"/",RIGHT(F24,2)+1) -> 29/30 | J24: =CONCATENATE(LEFT(G24,2)+1,"/",RIGHT(G24,2)+1) -> 29/30 | K24: =CONCATENATE(LEFT(H24,2)+1,"/",RIGHT(H24,2)+1) -> 30/31 | L24: =CONCATENATE(LEFT(I24,2)+1,"/",RIGHT(I24,2)+1) -> 30/31 | ... P24: =CONCATENATE(LEFT(M24,2)+1,"/",RIGHT(M24,2)+1) -> 31/32
B25: S | C25: F | D25: W | E25: S | F25: F | G25: W | H25: S | I25: F | J25: W | K25: S | L25: F | M25: W | N25: S | O25: F | P25: W
A26: FT Support | B26: 0 | C26: 0 | D26: 0 | E26: 0 | F26: 0 | G26: 0 | H26: 0 | I26: 0 | J26: 0 | K26: 0 | L26: 0 | M26: 0 | N26: 0 | O26: 0 | P26: 0
A27: PT Support | B27: =SUMIFS(TCH!$Q:$Q,TCH!$A:$A,B$6,TCH!$R:$R,B$7)-B26 -> 0 | C27: =SUMIFS(TCH!$Q:$Q,TCH!$A:$A,C$6,TCH!$R:$R,C$7)-C26 -> 0 | D27: =SUMIFS(TCH!$Q:$Q,TCH!$A:$A,D$6,TCH!$R:$R,D$7)-D26 -> 0 | E27: =SUMIFS(TCH!$Q:$Q,TCH!$A:$A,E$6,TCH!$R:$R,E$7)-E26 -> 0 | F27: =SUMIFS(TCH!$Q:$Q,TCH!$A:$A,F$6,TCH!$R:$R,F$7)-F26 -> 0 | G27: =SUMIFS(TCH!$Q:$Q,TCH!$A:$A,G$6,TCH!$R:$R,G$7)-G26 -> 0 | H27: =SUMIFS(TCH!$Q:$Q,TCH!$A:$A,H$6,TCH!$R:$R,H$7)-H26 -> 0 | I27: =SUMIFS(TCH!$Q:$Q,TCH!$A:$A,I$6,TCH!$R:$R,I$7)-I26 -> 0 | ... P27: =SUMIFS(TCH!$Q:$Q,TCH!$A:$A,P$6,TCH!$R:$R,P$7)-P26 -> 0
A28: Ttl TCH Support | B28: =SUM(B26:B27) -> 0 | C28: =SUM(C26:C27) -> 0 | D28: =SUM(D26:D27) -> 0 | E28: =SUM(E26:E27) -> 0 | F28: =SUM(F26:F27) -> 0 | G28: =SUM(G26:G27) -> 0 | H28: =SUM(H26:H27) -> 0 | I28: =SUM(I26:I27) -> 0 | ... P28: =SUM(P26:P27) -> 0
B29: =IFERROR(#REF!/B28,"") | C29: =IFERROR(#REF!/C28,"") | D29: =IFERROR(#REF!/D28,"") | E29: =IFERROR(#REF!/E28,"") | F29: =IFERROR(#REF!/F28,"") | G29: =IFERROR(#REF!/G28,"") | H29: =IFERROR(#REF!/H28,"") | I29: =IFERROR(#REF!/I28,"") | ... P29: =IFERROR(#REF!/P28,"")
B38: FINANCE ONLY - ENROL CHECK
A39: Total All Years | P39: =SUM(B10:P10)+SUM(B28:P28) -> 0
A40: Total per TCH calcs tab | P40: =SUM(TCH!N:P) -> 0
A41: Difference (Must be 0!) | P41: =P39-P40 -> 0
B43: FINANCE ONLY
B45: FACULTY COST (excl Benefits)
B46: ='Enrol Summary'!B$6 -> 27/28 | C46: ='Enrol Summary'!C$6 -> 27/28 | D46: ='Enrol Summary'!D$6 -> 27/28 | E46: =CONCATENATE(LEFT(B46,2)+1,"/",RIGHT(B46,2)+1) -> 28/29 | F46: =CONCATENATE(LEFT(C46,2)+1,"/",RIGHT(C46,2)+1) -> 28/29 | G46: =CONCATENATE(LEFT(D46,2)+1,"/",RIGHT(D46,2)+1) -> 28/29 | H46: =CONCATENATE(LEFT(E46,2)+1,"/",RIGHT(E46,2)+1) -> 29/30 | I46: =CONCATENATE(LEFT(F46,2)+1,"/",RIGHT(F46,2)+1) -> 29/30 | J46: =CONCATENATE(LEFT(G46,2)+1,"/",RIGHT(G46,2)+1) -> 29/30 | K46: =CONCATENATE(LEFT(H46,2)+1,"/",RIGHT(H46,2)+1) -> 30/31 | L46: =CONCATENATE(LEFT(I46,2)+1,"/",RIGHT(I46,2)+1) -> 30/31 | ... P46: =CONCATENATE(LEFT(M46,2)+1,"/",RIGHT(M46,2)+1) -> 31/32
B47: S | C47: F | D47: W | E47: S | F47: F | G47: W | H47: S | I47: F | J47: W | K47: S | L47: F | M47: W | N47: S | O47: F | P47: W
A48: FT Faculty | B48: =B8*'Program Summary'!$D$50 -> 0 | C48: =C8*'Program Summary'!$D$50 -> 0 | D48: =D8*'Program Summary'!$D$50 -> 0 | E48: =E8*'Program Summary'!$E$50 -> 0 | F48: =F8*'Program Summary'!$E$50 -> 0 | G48: =G8*'Program Summary'!$E$50 -> 0 | H48: =H8*'Program Summary'!$F$50 -> 0 | I48: =I8*'Program Summary'!$F$50 -> 0 | J48: =J8*'Program Summary'!$F$50 -> 0 | K48: =K8*'Program Summary'!$G$50 -> 0 | L48: =L8*'Program Summary'!$G$50 -> 0 | M48: =M8*'Program Summary'!$G$50 -> 0 | N48: =N8*'Program Summary'!$H$50 -> 0 | O48: =O8*'Program Summary'!$H$50 -> 0 | P48: =P8*'Program Summary'!$H$50 -> 0
A49: PT Faculty | B49: =B9*'Program Summary'!$D$51 -> 0 | C49: =C9*'Program Summary'!$D$51 -> 0 | D49: =D9*'Program Summary'!$D$51 -> 0 | E49: =E9*'Program Summary'!$E$51 -> 0 | F49: =F9*'Program Summary'!$E$51 -> 0 | G49: =G9*'Program Summary'!$E$51 -> 0 | H49: =H9*'Program Summary'!$F$51 -> 0 | I49: =I9*'Program Summary'!$F$51 -> 0 | J49: =J9*'Program Summary'!$F$51 -> 0 | K49: =K9*'Program Summary'!$G$51 -> 0 | L49: =L9*'Program Summary'!$G$51 -> 0 | M49: =M9*'Program Summary'!$G$51 -> 0 | N49: =N9*'Program Summary'!$H$51 -> 0 | O49: =O9*'Program Summary'!$H$51 -> 0 | P49: =P9*'Program Summary'!$H$51 -> 0
A50: Ttl Faculty Cost | B50: =SUM(B48:B49) -> 0 | C50: =SUM(C48:C49) -> 0 | D50: =SUM(D48:D49) -> 0 | E50: =SUM(E48:E49) -> 0 | F50: =SUM(F48:F49) -> 0 | G50: =SUM(G48:G49) -> 0 | H50: =SUM(H48:H49) -> 0 | I50: =SUM(I48:I49) -> 0 | ... P50: =SUM(P48:P49) -> 0
B52: SUPPORT COST (excl Benefits)
B53: ='Enrol Summary'!B$6 -> 27/28 | C53: ='Enrol Summary'!C$6 -> 27/28 | D53: ='Enrol Summary'!D$6 -> 27/28 | E53: =CONCATENATE(LEFT(B53,2)+1,"/",RIGHT(B53,2)+1) -> 28/29 | F53: =CONCATENATE(LEFT(C53,2)+1,"/",RIGHT(C53,2)+1) -> 28/29 | G53: =CONCATENATE(LEFT(D53,2)+1,"/",RIGHT(D53,2)+1) -> 28/29 | H53: =CONCATENATE(LEFT(E53,2)+1,"/",RIGHT(E53,2)+1) -> 29/30 | I53: =CONCATENATE(LEFT(F53,2)+1,"/",RIGHT(F53,2)+1) -> 29/30 | J53: =CONCATENATE(LEFT(G53,2)+1,"/",RIGHT(G53,2)+1) -> 29/30 | K53: =CONCATENATE(LEFT(H53,2)+1,"/",RIGHT(H53,2)+1) -> 30/31 | L53: =CONCATENATE(LEFT(I53,2)+1,"/",RIGHT(I53,2)+1) -> 30/31 | ... P53: =CONCATENATE(LEFT(M53,2)+1,"/",RIGHT(M53,2)+1) -> 31/32
B54: S | C54: F | D54: W | E54: S | F54: F | G54: W | H54: S | I54: F | J54: W | K54: S | L54: F | M54: W | N54: S | O54: F | P54: W
A55: FT Support | B55: =B26*'Program Summary'!$D$52 -> 0 | C55: =C26*'Program Summary'!$D$52 -> 0 | D55: =D26*'Program Summary'!$D$52 -> 0 | E55: =E26*'Program Summary'!$E$52 -> 0 | F55: =F26*'Program Summary'!$E$52 -> 0 | G55: =G26*'Program Summary'!$E$52 -> 0 | H55: =H26*'Program Summary'!$F$52 -> 0 | I55: =I26*'Program Summary'!$F$52 -> 0 | J55: =J26*'Program Summary'!$F$52 -> 0 | K55: =K26*'Program Summary'!$G$52 -> 0 | L55: =L26*'Program Summary'!$G$52 -> 0 | M55: =M26*'Program Summary'!$G$52 -> 0 | N55: =N26*'Program Summary'!$H$52 -> 0 | O55: =O26*'Program Summary'!$H$52 -> 0 | P55: =P26*'Program Summary'!$H$52 -> 0
A56: PT Support | B56: =B27*'Program Summary'!$D$53 -> 0 | C56: =C27*'Program Summary'!$D$53 -> 0 | D56: =D27*'Program Summary'!$D$53 -> 0 | E56: =E27*'Program Summary'!$E$53 -> 0 | F56: =F27*'Program Summary'!$E$53 -> 0 | G56: =G27*'Program Summary'!$E$53 -> 0 | H56: =H27*'Program Summary'!$F$53 -> 0 | I56: =I27*'Program Summary'!$F$53 -> 0 | J56: =J27*'Program Summary'!$F$53 -> 0 | K56: =K27*'Program Summary'!$G$53 -> 0 | L56: =L27*'Program Summary'!$G$53 -> 0 | M56: =M27*'Program Summary'!$G$53 -> 0 | N56: =N27*'Program Summary'!$H$53 -> 0 | O56: =O27*'Program Summary'!$H$53 -> 0 | P56: =P27*'Program Summary'!$H$53 -> 0
A57: Ttl Support Cost | B57: =SUM(B55:B56) -> 0 | C57: =SUM(C55:C56) -> 0 | D57: =SUM(D55:D56) -> 0 | E57: =SUM(E55:E56) -> 0 | F57: =SUM(F55:F56) -> 0 | G57: =SUM(G55:G56) -> 0 | H57: =SUM(H55:H56) -> 0 | I57: =SUM(I55:I56) -> 0 | ... P57: =SUM(P55:P56) -> 0
B59: Number of GEN ED COMMS / COLLEGE DEGREE BREADTH COURSES
A60: Fiscal Year | B60: ='Enrol Summary'!B$6 -> 27/28 | C60: ='Enrol Summary'!C$6 -> 27/28 | D60: ='Enrol Summary'!D$6 -> 27/28 | E60: =CONCATENATE(LEFT(B60,2)+1,"/",RIGHT(B60,2)+1) -> 28/29 | F60: =CONCATENATE(LEFT(C60,2)+1,"/",RIGHT(C60,2)+1) -> 28/29 | G60: =CONCATENATE(LEFT(D60,2)+1,"/",RIGHT(D60,2)+1) -> 28/29 | H60: =CONCATENATE(LEFT(E60,2)+1,"/",RIGHT(E60,2)+1) -> 29/30 | I60: =CONCATENATE(LEFT(F60,2)+1,"/",RIGHT(F60,2)+1) -> 29/30 | J60: =CONCATENATE(LEFT(G60,2)+1,"/",RIGHT(G60,2)+1) -> 29/30 | K60: =CONCATENATE(LEFT(H60,2)+1,"/",RIGHT(H60,2)+1) -> 30/31 | L60: =CONCATENATE(LEFT(I60,2)+1,"/",RIGHT(I60,2)+1) -> 30/31 | ... P60: =CONCATENATE(LEFT(M60,2)+1,"/",RIGHT(M60,2)+1) -> 31/32
B61: S | C61: F | D61: W | E61: S | F61: F | G61: W | H61: S | I61: F | J61: W | K61: S | L61: F | M61: W | N61: S | O61: F | P61: W
A62: GenEd/Comm | B62: =SUMIFS(TCH!$M:$M,TCH!$A:$A,B$60,TCH!$R:$R,'TCH Summary'!B$61,TCH!$F:$F,$A62) -> 0 | C62: =SUMIFS(TCH!$M:$M,TCH!$A:$A,C$60,TCH!$R:$R,'TCH Summary'!C$61,TCH!$F:$F,$A62) -> 0 | D62: =SUMIFS(TCH!$M:$M,TCH!$A:$A,D$60,TCH!$R:$R,'TCH Summary'!D$61,TCH!$F:$F,$A62) -> 0 | E62: =SUMIFS(TCH!$M:$M,TCH!$A:$A,E$60,TCH!$R:$R,'TCH Summary'!E$61,TCH!$F:$F,$A62) -> 0 | F62: =SUMIFS(TCH!$M:$M,TCH!$A:$A,F$60,TCH!$R:$R,'TCH Summary'!F$61,TCH!$F:$F,$A62) -> 0 | G62: =SUMIFS(TCH!$M:$M,TCH!$A:$A,G$60,TCH!$R:$R,'TCH Summary'!G$61,TCH!$F:$F,$A62) -> 0 | H62: =SUMIFS(TCH!$M:$M,TCH!$A:$A,H$60,TCH!$R:$R,'TCH Summary'!H$61,TCH!$F:$F,$A62) -> 0 | I62: =SUMIFS(TCH!$M:$M,TCH!$A:$A,I$60,TCH!$R:$R,'TCH Summary'!I$61,TCH!$F:$F,$A62) -> 0 | ... P62: =SUMIFS(TCH!$M:$M,TCH!$A:$A,P$60,TCH!$R:$R,'TCH Summary'!P$61,TCH!$F:$F,$A62) -> 0
A63: DegrBreadth | B63: =SUMIFS(TCH!$M:$M,TCH!$A:$A,B$60,TCH!$R:$R,'TCH Summary'!B$61,TCH!$F:$F,$A63) -> 0 | C63: =SUMIFS(TCH!$M:$M,TCH!$A:$A,C$60,TCH!$R:$R,'TCH Summary'!C$61,TCH!$F:$F,$A63) -> 0 | D63: =SUMIFS(TCH!$M:$M,TCH!$A:$A,D$60,TCH!$R:$R,'TCH Summary'!D$61,TCH!$F:$F,$A63) -> 0 | E63: =SUMIFS(TCH!$M:$M,TCH!$A:$A,E$60,TCH!$R:$R,'TCH Summary'!E$61,TCH!$F:$F,$A63) -> 0 | F63: =SUMIFS(TCH!$M:$M,TCH!$A:$A,F$60,TCH!$R:$R,'TCH Summary'!F$61,TCH!$F:$F,$A63) -> 0 | G63: =SUMIFS(TCH!$M:$M,TCH!$A:$A,G$60,TCH!$R:$R,'TCH Summary'!G$61,TCH!$F:$F,$A63) -> 0 | H63: =SUMIFS(TCH!$M:$M,TCH!$A:$A,H$60,TCH!$R:$R,'TCH Summary'!H$61,TCH!$F:$F,$A63) -> 0 | I63: =SUMIFS(TCH!$M:$M,TCH!$A:$A,I$60,TCH!$R:$R,'TCH Summary'!I$61,TCH!$F:$F,$A63) -> 0 | ... P63: =SUMIFS(TCH!$M:$M,TCH!$A:$A,P$60,TCH!$R:$R,'TCH Summary'!P$61,TCH!$F:$F,$A63) -> 0
B65: FINANCE ONLY - COST OF GEN ED COMMS COURSES / COLLEGE DEGREE BREADTH COURSES
B66: =B60 -> 27/28 | E66: =E60 -> 28/29 | H66: =H60 -> 29/30 | K66: =K60 -> 30/31 | N66: =N60 -> 31/32
B67: S | C67: F | D67: W | E67: S | F67: F | G67: W | H67: S | I67: F | J67: W | K67: S | L67: F | M67: W | N67: S | O67: F | P67: W
A68: GenEd/Comm | B68: =B62*'Enrol Summary'!B$50*'Summary - Finance'!$C$93 -> 0 | C68: =C62*'Enrol Summary'!C$50*'Summary - Finance'!$C$93 -> 0 | D68: =D62*'Enrol Summary'!D$50*'Summary - Finance'!$C$93 -> 0 | E68: =E62*'Enrol Summary'!E$50*'Summary - Finance'!$C$93 -> 0 | F68: =F62*'Enrol Summary'!F$50*'Summary - Finance'!$C$93 -> 0 | G68: =G62*'Enrol Summary'!G$50*'Summary - Finance'!$C$93 -> 0 | H68: =H62*'Enrol Summary'!H$50*'Summary - Finance'!$C$93 -> 0 | I68: =I62*'Enrol Summary'!I$50*'Summary - Finance'!$C$93 -> 0 | ... P68: =P62*'Enrol Summary'!P$50*'Summary - Finance'!$C$93 -> 0
A69: DegrBreadth | B69: =B63*'Enrol Summary'!B$50*'Summary - Finance'!$C$98 -> 0 | C69: =C63*'Enrol Summary'!C$50*'Summary - Finance'!$C$98 -> 0 | D69: =D63*'Enrol Summary'!D$50*'Summary - Finance'!$C$98 -> 0 | E69: =E63*'Enrol Summary'!E$50*'Summary - Finance'!$C$98 -> 0 | F69: =F63*'Enrol Summary'!F$50*'Summary - Finance'!$C$98 -> 0 | G69: =G63*'Enrol Summary'!G$50*'Summary - Finance'!$C$98 -> 0 | H69: =H63*'Enrol Summary'!H$50*'Summary - Finance'!$C$98 -> 0 | I69: =I63*'Enrol Summary'!I$50*'Summary - Finance'!$C$98 -> 0 | ... P69: =P63*'Enrol Summary'!P$50*'Summary - Finance'!$C$98 -> 0

Sheet Other
A1: Program Costing Other Revenue and Expense Forecast | F1: Version Date: | G1: ='Program Summary'!$C$2 -> 0
A2: =CONCATENATE("Program Name: ",'Program Summary'!C3) -> Program Name: | F2: Location: | G2: ='Program Summary'!$C$4 -> 0
A3: =CONCATENATE("Launch Date: ",'Program Summary'!C5) -> Launch Date: 27/28
A5: Fiscal Year | B5: Pre-Launch Year | C5: ='Enrol Summary'!B6 -> 27/28 | D5: ='Enrol Summary'!E6 -> 28/29 | E5: ='Enrol Summary'!H6 -> 29/30 | F5: ='Enrol Summary'!K6 -> 30/31 | G5: ='Enrol Summary'!N6 -> 31/32
A6: Other Revenues
A7: Other Revenue 1 | C7: 0 | D7: 0 | E7: 0 | F7: 0 | G7: 0
A8: Other Revenue 2 | C8: 0 | D8: 0 | E8: 0 | F8: 0 | G8: 0
A9: Total Other Revenues | C9: =SUM(C7:C8) -> 0 | D9: =SUM(D7:D8) -> 0 | E9: =SUM(E7:E8) -> 0 | F9: =SUM(F7:F8) -> 0 | G9: =SUM(G7:G8) -> 0
A18: Program Development Number of Downloads | B18: =B$5 -> Pre-Launch Year | C18: =C$5 -> 27/28 | D18: =D$5 -> 28/29 | E18: =E$5 -> 29/30 | F18: =F$5 -> 30/31 | G18: =G$5 -> 31/32
A19: Pgm Development: On-Line | C19: 0 | D19: 0 | E19: 0 | F19: 0 | G19: 0
A20: Pgm Development: Excluding On-Line | C20: 0 | D20: 0 | E20: 0 | F20: 0 | G20: 0
A22: Program Development Costs - $5.5K / download
A23: Program Development Costs, on-line | B23: =B19*5500 -> 0 | C23: =C19*5500 -> 0 | D23: =D19*5500 -> 0 | E23: =E19*5500 -> 0 | F23: =F19*5500 -> 0 | G23: =G19*5500 -> 0
A24: Program Development Costs, excluding on-line | B24: =B20*5500 -> 0 | C24: =C20*5500 -> 0 | D24: =D20*5500 -> 0 | E24: =E20*5500 -> 0 | F24: =F20*5500 -> 0 | G24: =G20*5500 -> 0
A26: PT Coordinator Cost (excl benefits) - std would be $5.5K
A28: Other New Salary Costs, Excl Benefits
A29: New FT Support | C29: 0 | D29: 0 | E29: 0 | F29: 0 | G29: 0
A30: New PT Support | C30: 0 | D30: 0 | E30: 0 | F30: 0 | G30: 0
A31: Total Other Salary Costs, excl Benefits | B31: =SUM(B23:B30) -> 0 | C31: =SUM(C23:C30) -> 0 | D31: =SUM(D23:D30) -> 0 | E31: =SUM(E23:E30) -> 0 | F31: =SUM(F23:F30) -> 0 | G31: =SUM(G23:G30) -> 0
A41: Non Salary Direct | B41: =B$5 -> Pre-Launch Year | C41: =C$5 -> 27/28 | D41: =D$5 -> 28/29 | E41: =E$5 -> 29/30 | F41: =F$5 -> 30/31 | G41: =G$5 -> 31/32
A42: Instructional | B42: 0
A43: Specialized Equipment - Non Capital | B43: 0 | C43: 0 | D43: 0 | E43: 0 | F43: 0 | G43: 0
A44: Other Non Salary 1 | B44: 0 | C44: 0 | D44: 0 | E44: 0 | F44: 0 | G44: 0
A45: Other Non Salary 2 | B45: 0 | C45: 0 | D45: 0 | E45: 0 | F45: 0 | G45: 0
A46: Other Non Salary 3 | B46: 0 | C46: 0 | D46: 0 | E46: 0 | F46: 0 | G46: 0
A47: Total Non Salary Direct | B47: =SUM(B42:B46) -> 0 | C47: =SUM(C42:C46) -> 0 | D47: =SUM(D42:D46) -> 0 | E47: =SUM(E42:E46) -> 0 | F47: =SUM(F42:F46) -> 0 | G47: =SUM(G42:G46) -> 0
A56: Capital | B56: =B$5 -> Pre-Launch Year | C56: =C$5 -> 27/28 | D56: =D$5 -> 28/29 | E56: =E$5 -> 29/30 | F56: =F$5 -> 30/31 | G56: =G$5 -> 31/32
A57: Other Internal Depts | B57: ='Other Internal Depts'!D12 -> 0 | C57: ='Other Internal Depts'!E12 -> 0 | D57: ='Other Internal Depts'!F12 -> 0 | E57: ='Other Internal Depts'!G12 -> 0 | F57: ='Other Internal Depts'!H12 -> 0 | G57: ='Other Internal Depts'!I12 -> 0
A58: Other Capital 1 | C58: 0 | D58: 0 | E58: 0 | F58: 0 | G58: 0
A59: Other Capital 2 | B59: 0 | C59: 0 | D59: 0 | E59: 0 | F59: 0 | G59: 0
A60: Total Capital | B60: =SUM(B57:B59) -> 0 | C60: =SUM(C57:C59) -> 0 | D60: =SUM(D57:D59) -> 0 | E60: =SUM(E57:E59) -> 0 | F60: =SUM(F57:F59) -> 0 | G60: =SUM(G57:G59) -> 0
A69: Non Salary Charges to be incurred by Other Internal Depts | B69: =B$5 -> Pre-Launch Year | C69: =C$5 -> 27/28 | D69: =D$5 -> 28/29 | E69: =E$5 -> 29/30 | F69: =F$5 -> 30/31 | G69: =G$5 -> 31/32
A70: Total Internal Depts | B70: ='Other Internal Depts'!D20 -> 0 | C70: ='Other Internal Depts'!E20 -> 0 | D70: ='Other Internal Depts'!F20 -> 0 | E70: ='Other Internal Depts'!G20 -> 0 | F70: ='Other Internal Depts'!H20 -> 0 | G70: ='Other Internal Depts'!I20 -> 0
A71: Library Costs (calc at base amt per student semester) | C71: =SUM('Enrol Summary'!$B50:$D50)*'Summary - Finance'!$C88 -> 0 | D71: =SUM('Enrol Summary'!$E50:$G50)*'Summary - Finance'!$C88 -> 0 | E71: =SUM('Enrol Summary'!$H50:$J50)*'Summary - Finance'!$C88 -> 0 | F71: =SUM('Enrol Summary'!$K50:$M50)*'Summary - Finance'!$C88 -> 0 | G71: =SUM('Enrol Summary'!$N50:$P50)*'Summary - Finance'!$C88 -> 0
A72: Total Non Salary Direct - Other Depts | B72: =SUM(B70:B71) -> 0 | C72: =SUM(C70:C71) -> 0 | D72: =SUM(D70:D71) -> 0 | E72: =SUM(E70:E71) -> 0 | F72: =SUM(F70:F71) -> 0 | G72: =SUM(G70:G71) -> 0

Sheet Other Internal Depts
A1: Other Internal Depts Consultation and Approval
A2: Program: | F2: ='Program Summary'!C3 -> 0
A3: Type of Consultation (choose from drop-down) | F3: New Program
A5: Other Internal Dept | C5: Item(s) | D5: Pre-Launch Year | E5: ='Enrol Summary'!B6 -> 27/28 | F5: ='Enrol Summary'!E6 -> 28/29 | G5: ='Enrol Summary'!H6 -> 29/30 | H5: ='Enrol Summary'!K6 -> 30/31 | I5: ='Enrol Summary'!N6 -> 31/32
A6: Capital
A7: Facilities | C7: Bldg reno | E7: 0 | F7: 0 | G7: 0 | H7: 0 | I7: 0
A8: IT | D8: 0 | E8: 0 | F8: 0 | G8: 0 | H8: 0 | I8: 0
A9: Marketing | D9: 0 | E9: 0 | F9: 0 | G9: 0 | H9: 0 | I9: 0
A10: Other | D10: 0 | E10: 0 | F10: 0 | G10: 0 | H10: 0 | I10: 0
A11: Other | D11: 0 | E11: 0 | F11: 0 | G11: 0 | H11: 0 | I11: 0
A12: Capital Total | D12: =SUM(D7:D11) -> 0 | E12: =SUM(E7:E11) -> 0 | F12: =SUM(F7:F11) -> 0 | G12: =SUM(G7:G11) -> 0 | H12: =SUM(H7:H11) -> 0 | I12: =SUM(I7:I11) -> 0
A14: Non Capital
A15: Facilities | D15: 0 | E15: 0 | F15: 0 | G15: 0 | H15: 0 | I15: 0
A16: IT | D16: 0 | E16: 0 | F16: 0 | G16: 0 | H16: 0 | I16: 0
A17: Marketing | C17: new pgm launch | I17: 0
A18: Other | D18: 0 | E18: 0 | F18: 0 | G18: 0 | H18: 0 | I18: 0
A19: Other | D19: 0 | E19: 0 | F19: 0 | G19: 0 | H19: 0 | I19: 0
A20: Non Salary Total | D20: =SUM(D15:D19) -> 0 | E20: =SUM(E15:E19) -> 0 | F20: =SUM(F15:F19) -> 0 | G20: =SUM(G15:G19) -> 0 | H20: =SUM(H15:H19) -> 0 | I20: =SUM(I15:I19) -> 0
A29: New Program
A30: Program Change / Renewal

Sheet Summary - Finance
A1: Program Costing Summary - Finance | F1: Version Date: | G1: ='Program Summary'!$C$2 -> 0
A2: =CONCATENATE("Program Name: ",'Program Summary'!C3) -> Program Name: | F2: Location: | G2: ='Program Summary'!$C$4 -> 0
A3: =CONCATENATE("Launch Date: ",'Program Summary'!C5) -> Launch Date: 27/28
A5: Fiscal Year | B5: Pre-Launch Year | C5: ='Enrol Summary'!B6 -> 27/28 | D5: ='Enrol Summary'!E6 -> 28/29 | E5: ='Enrol Summary'!H6 -> 29/30 | F5: ='Enrol Summary'!K6 -> 30/31 | G5: ='Enrol Summary'!N6 -> 31/32 | H5: Account for Budget | I5: Account Note
A6: Revenues
A7: Domestic Tuition | C7: =SUM('Enrol Summary'!B61:D61) -> 0 | D7: =SUM('Enrol Summary'!E61:G61) -> 0 | E7: =SUM('Enrol Summary'!H61:J61) -> 0 | F7: =SUM('Enrol Summary'!K61:M61) -> 0 | G7: =SUM('Enrol Summary'!N61:P61) -> 0 | H7: n/a | I7: populated from Hyperion
A8: Domestic Grant | C8: =SUM('Enrol Summary'!B62:D62) -> 0 | D8: =SUM('Enrol Summary'!E62:G62) -> 0 | E8: =SUM('Enrol Summary'!H62:J62) -> 0 | F8: =SUM('Enrol Summary'!K62:M62) -> 0 | G8: =SUM('Enrol Summary'!N62:P62) -> 0 | H8: n/a | I8: populated from Hyperion
A9: International Tuition | C9: =SUM('Enrol Summary'!B63:D63) -> 0 | D9: =SUM('Enrol Summary'!E63:G63) -> 0 | E9: =SUM('Enrol Summary'!H63:J63) -> 0 | F9: =SUM('Enrol Summary'!K63:M63) -> 0 | G9: =SUM('Enrol Summary'!N63:P63) -> 0 | H9: n/a | I9: populated from Hyperion
A10: Incidental Fees | C10: =SUM('Enrol Summary'!B64:D64) -> 0 | D10: =SUM('Enrol Summary'!E64:G64) -> 0 | E10: =SUM('Enrol Summary'!H64:J64) -> 0 | F10: =SUM('Enrol Summary'!K64:M64) -> 0 | G10: =SUM('Enrol Summary'!N64:P64) -> 0 | H10: n/a | I10: populated from Hyperion
A11: Other | C11: =Other!C9 -> 0 | D11: =Other!D9 -> 0 | E11: =Other!E9 -> 0 | F11: =Other!F9 -> 0 | G11: =Other!G9 -> 0 | H11: TBD
A12: Total Revenues | B12: =SUM(B7:B11) -> 0 | C12: =SUM(C7:C11) -> 0 | D12: =SUM(D7:D11) -> 0 | E12: =SUM(E7:E11) -> 0 | F12: =SUM(F7:F11) -> 0 | G12: =SUM(G7:G11) -> 0
A14: FT Salaries and Benefits
A15: Faculty | C15: =SUM('TCH Summary'!B48:D48) -> 0 | D15: =SUM('TCH Summary'!E48:G48) -> 0 | E15: =SUM('TCH Summary'!H48:J48) -> 0 | F15: =SUM('TCH Summary'!K48:M48) -> 0 | G15: =SUM('TCH Summary'!N48:P48) -> 0 | H15: n/a | I15: populated from Labour Planning
A16: Faculty CPP EI EHT | C16: =C$15*$C$82 -> 0 | D16: =D$15*$C$82 -> 0 | E16: =E$15*$C$82 -> 0 | F16: =F$15*$C$82 -> 0 | G16: =G$15*$C$82 -> 0 | H16: n/a | I16: populated from Labour Planning
A17: Faculty Ext Benefits | C17: =C$15*$D$82 -> 0 | D17: =D$15*$D$82 -> 0 | E17: =E$15*$D$82 -> 0 | F17: =F$15*$D$82 -> 0 | G17: =G$15*$D$82 -> 0 | H17: n/a | I17: populated from Labour Planning
A18: Faculty CAAT | C18: =C$15*$E$82 -> 0 | D18: =D$15*$E$82 -> 0 | E18: =E$15*$E$82 -> 0 | F18: =F$15*$E$82 -> 0 | G18: =G$15*$E$82 -> 0 | H18: n/a | I18: populated from Labour Planning
A19: Support | C19: =SUM('TCH Summary'!B55:D55)+Other!C29 -> 0 | D19: =SUM('TCH Summary'!E55:G55)+Other!D29 -> 0 | E19: =SUM('TCH Summary'!H55:J55)+Other!E29 -> 0 | F19: =SUM('TCH Summary'!K55:M55)+Other!F29 -> 0 | G19: =SUM('TCH Summary'!N55:P55)+Other!G29 -> 0 | H19: n/a | I19: populated from Labour Planning
A20: Support CPP EI EHT | C20: =C$19*$C$83 -> 0 | D20: =D$19*$C$82 -> 0 | E20: =E$19*$C$82 -> 0 | F20: =F$19*$C$82 -> 0 | G20: =G$19*$C$82 -> 0 | H20: n/a | I20: populated from Labour Planning
A21: Support Ext Benefits | C21: =C$19*$D$83 -> 0 | D21: =D$19*$D$83 -> 0 | E21: =E$19*$D$83 -> 0 | F21: =F$19*$D$83 -> 0 | G21: =G$19*$D$83 -> 0 | H21: n/a | I21: populated from Labour Planning
A22: Support CAAT | C22: =C$19*$E$83 -> 0 | D22: =D$19*$E$83 -> 0 | E22: =E$19*$E$83 -> 0 | F22: =F$19*$E$83 -> 0 | G22: =G$19*$E$83 -> 0 | H22: n/a | I22: populated from Labour Planning
A23: Total FT Salaries and Benefits | B23: =SUM(B15:B22) -> 0 | C23: =SUM(C15:C22) -> 0 | D23: =SUM(D15:D22) -> 0 | E23: =SUM(E15:E22) -> 0 | F23: =SUM(F15:F22) -> 0 | G23: =SUM(G15:G22) -> 0
A25: PT Salaries and Benefits
A26: Faculty Teaching | C26: =SUM('TCH Summary'!B49:D49) -> 0 | D26: =SUM('TCH Summary'!E49:G49) -> 0 | E26: =SUM('TCH Summary'!H49:J49) -> 0 | F26: =SUM('TCH Summary'!K49:M49) -> 0 | G26: =SUM('TCH Summary'!N49:P49) -> 0 | H26: n/a | I26: populated from TCH process
A27: Faculty Teaching CPP EI EHT | C27: =C$26*$C$84 -> 0 | D27: =D$26*$C$84 -> 0 | E27: =E$26*$C$84 -> 0 | F27: =F$26*$C$84 -> 0 | G27: =G$26*$C$84 -> 0 | H27: n/a | I27: populated from TCH process
A28: Faculty Teaching Ext Benefits | C28: =C$26*$D$84 -> 0 | D28: =D$26*$D$84 -> 0 | E28: =E$26*$D$84 -> 0 | F28: =F$26*$D$84 -> 0 | G28: =G$26*$D$84 -> 0 | H28: n/a | I28: populated from TCH process
A29: Faculty Teaching CAAT | C29: =C$26*$E$84 -> 0 | D29: =D$26*$E$84 -> 0 | E29: =E$26*$E$84 -> 0 | F29: =F$26*$E$84 -> 0 | G29: =G$26*$E$84 -> 0 | H29: n/a | I29: populated from TCH process
A30: Faculty Pgm Dev / PT Coordinator | B30: =SUM(Other!B23:B26) -> 0 | C30: =SUM(Other!C23:C26) -> 0 | D30: =SUM(Other!D23:D26) -> 0 | E30: =SUM(Other!E23:E26) -> 0 | F30: =SUM(Other!F23:F26) -> 0 | G30: =SUM(Other!G23:G26) -> 0 | H30: 50500
A31: Faculty Pgm Dev / PT Coordinator CPP EI EHT | B31: =B$30*$C$84 -> 0 | C31: =C$30*$C$84 -> 0 | D31: =D$30*$C$84 -> 0 | E31: =E$30*$C$84 -> 0 | F31: =F$30*$C$84 -> 0 | G31: =G$30*$C$84 -> 0 | H31: 51500
A32: Faculty Pgm Dev / PT Coordinator Ext Benefits | B32: =B$30*$D$84 -> 0 | C32: =C$30*$D$84 -> 0 | D32: =D$30*$D$84 -> 0 | E32: =E$30*$D$84 -> 0 | F32: =F$30*$D$84 -> 0 | G32: =G$30*$D$84 -> 0 | H32: 51510
A33: Faculty Pgm Dev / PT Coordinator CAAT | B33: =B$30*$E$84 -> 0 | C33: =C$30*$E$84 -> 0 | D33: =D$30*$E$84 -> 0 | E33: =E$30*$E$84 -> 0 | F33: =F$30*$E$84 -> 0 | G33: =G$30*$E$84 -> 0 | H33: 51530
A34: Support PT | C34: =SUM('TCH Summary'!B56:D56) -> 0 | D34: =SUM('TCH Summary'!E56:G56) -> 0 | E34: =SUM('TCH Summary'!H56:J56) -> 0 | F34: =SUM('TCH Summary'!K56:M56) -> 0 | G34: =SUM('TCH Summary'!N56:P56) -> 0 | H34: 50600
A35: Support PT CPP EI EHT | C35: =C$34*$C$85 -> 0 | D35: =D$34*$C$85 -> 0 | E35: =E$34*$C$85 -> 0 | F35: =F$34*$C$85 -> 0 | G35: =G$34*$C$85 -> 0 | H35: 51600
A36: Support PT Ext Benefits | C36: =C$34*$D$85 -> 0 | D36: =D$34*$D$85 -> 0 | E36: =E$34*$D$85 -> 0 | F36: =F$34*$D$85 -> 0 | G36: =G$34*$D$85 -> 0 | H36: n/a
A37: Support PT CAAT | C37: =C$34*$E$85 -> 0 | D37: =D$34*$E$85 -> 0 | E37: =E$34*$E$85 -> 0 | F37: =F$34*$E$85 -> 0 | G37: =G$34*$E$85 -> 0 | H37: 51630
A38: Support Other | C38: =Other!C30 -> 0 | D38: =Other!D30 -> 0 | E38: =Other!E30 -> 0 | F38: =Other!F30 -> 0 | G38: =Other!G30 -> 0 | H38: 50600
A39: Support Other CPP EI EHT | C39: =C$38*$C$85 -> 0 | D39: =D$38*$C$85 -> 0 | E39: =E$38*$C$85 -> 0 | F39: =F$38*$C$85 -> 0 | G39: =G$38*$C$85 -> 0 | H39: 51600
A40: Support Other Ext Benefits | C40: =C$38*$D$85 -> 0 | D40: =D$38*$D$85 -> 0 | E40: =E$38*$D$85 -> 0 | F40: =F$38*$D$85 -> 0 | G40: =G$38*$D$85 -> 0 | H40: n/a
A41: Support Other CAAT | C41: =C$38*$E$85 -> 0 | D41: =D$38*$E$85 -> 0 | E41: =E$38*$E$85 -> 0 | F41: =F$38*$E$85 -> 0 | G41: =G$38*$E$85 -> 0 | H41: 51630
A42: Total PT Salaries Benefits | B42: =SUM(B26:B41) -> 0 | C42: =SUM(C26:C41) -> 0 | D42: =SUM(D26:D41) -> 0 | E42: =SUM(E26:E41) -> 0 | F42: =SUM(F26:F41) -> 0 | G42: =SUM(G26:G41) -> 0
A44: Non Salary Direct
A45: Incidental Fee Expense | C45: =C10 -> 0 | D45: =D10 -> 0 | E45: =E10 -> 0 | F45: =F10 -> 0 | G45: =G10 -> 0 | H45: 53000 | I45: populated from Hyperion
A46: =Other!A42 -> Instructional | B46: =Other!B42 -> 0 | C46: =Other!C42 -> 0 | D46: =Other!D42 -> 0 | E46: =Other!E42 -> 0 | F46: =Other!F42 -> 0 | G46: =Other!G42 -> 0 | H46: 54000
A47: =Other!A43 -> Specialized Equipment - Non Capital | B47: =Other!B43 -> 0 | C47: =Other!C43 -> 0 | D47: =Other!D43 -> 0 | E47: =Other!E43 -> 0 | F47: =Other!F43 -> 0 | G47: =Other!G43 -> 0 | H47: TBD
A48: =Other!A44 -> Other Non Salary 1 | B48: =Other!B44 -> 0 | C48: =Other!C44 -> 0 | D48: =Other!D44 -> 0 | E48: =Other!E44 -> 0 | F48: =Other!F44 -> 0 | G48: =Other!G44 -> 0 | H48: TBD
A49: =Other!A45 -> Other Non Salary 2 | B49: =Other!B45 -> 0 | C49: =Other!C45 -> 0 | D49: =Other!D45 -> 0 | E49: =Other!E45 -> 0 | F49: =Other!F45 -> 0 | G49: =Other!G45 -> 0 | H49: TBD
A50: =Other!A46 -> Other Non Salary 3 | B50: =Other!B46 -> 0 | C50: =Other!C46 -> 0 | D50: =Other!D46 -> 0 | E50: =Other!E46 -> 0 | F50: =Other!F46 -> 0 | G50: =Other!G46 -> 0 | H50: TBD
A51: Total Non Salary Direct | B51: =SUM(B45:B50) -> 0 | C51: =SUM(C45:C50) -> 0 | D51: =SUM(D45:D50) -> 0 | E51: =SUM(E45:E50) -> 0 | F51: =SUM(F45:F50) -> 0 | G51: =SUM(G45:G50) -> 0
A52: Cost Inflation excluding Incidental only | D52: ='Program Summary'!$D$56 -> 0.02 | E52: ='Program Summary'!$D$56 -> 0.02 | F52: ='Program Summary'!$D$56 -> 0.02 | G52: ='Program Summary'!$D$56 -> 0.02
A53: Total Non Salary Direct with Cost Inflation | B53: =B45+SUM(B46:B50)*(1+B52) -> 0 | C53: =C45+SUM(C46:C50)*(1+C52) -> 0 | D53: =D45+SUM(D46:D50)*(1+D52) -> 0 | E53: =E45+SUM(E46:E50)*(1+E52)^2 -> 0 | F53: =F45+SUM(F46:F50)*(1+F52)^3 -> 0 | G53: =G45+SUM(G46:G50)*(1+G52)^4 -> 0
A54: Non Salary (excl Incidental) Cost per Student | C54: =IFERROR((C53-C45)/'Summary - BOG'!C10,"") | D54: =IFERROR((D53-D45)/'Summary - BOG'!D10,"") | E54: =IFERROR((E53-E45)/'Summary - BOG'!E10,"") | F54: =IFERROR((F53-F45)/'Summary - BOG'!F10,"") | G54: =IFERROR((G53-G45)/'Summary - BOG'!G10,"")
A56: Allocations
A57: Gen Ed Comms | C57: =SUM('TCH Summary'!B68:D68) -> 0 | D57: =SUM('TCH Summary'!E68:G68) -> 0 | E57: =SUM('TCH Summary'!H68:J68) -> 0 | F57: =SUM('TCH Summary'!K68:M68) -> 0 | G57: =SUM('TCH Summary'!N68:P68) -> 0 | H57: n/a | I57: populated using allocation methodology at time of budget year overall planning
A58: College Degree | C58: =SUM('TCH Summary'!B69:D69) -> 0 | D58: =SUM('TCH Summary'!E69:G69) -> 0 | E58: =SUM('TCH Summary'!H69:J69) -> 0 | F58: =SUM('TCH Summary'!K69:M69) -> 0 | G58: =SUM('TCH Summary'!N69:P69) -> 0 | H58: n/a | I58: populated using allocation methodology at time of budget year overall planning
A59: Central Unallocated | C59: =SUM('Enrol Summary'!$B$50:$D$50)*'Summary - Finance'!$E$115 -> 0 | D59: =SUM('Enrol Summary'!$E$50:$G$50)*'Summary - Finance'!$E$115 -> 0 | E59: =SUM('Enrol Summary'!$H$50:$J$50)*'Summary - Finance'!$E$115 -> 0 | F59: =SUM('Enrol Summary'!$K$50:$M$50)*'Summary - Finance'!$E$115 -> 0 | G59: =SUM('Enrol Summary'!$N$50:$P$50)*'Summary - Finance'!$E$115 -> 0 | H59: n/a | I59: populated using allocation methodology at time of budget year overall planning
A60: Intl Commissions | C60: =SUM('Enrol Summary'!$B67:$D67)*$C$101 -> 0 | D60: =SUM('Enrol Summary'!$E67:$G67)*$C$101 -> 0 | E60: =SUM('Enrol Summary'!$H67:$J67)*$C$101 -> 0 | F60: =SUM('Enrol Summary'!$K67:$M67)*$C$101 -> 0 | G60: =SUM('Enrol Summary'!$N67:$P67)*$C$101 -> 0 | H60: n/a | I60: populated using allocation methodology at time of budget year overall planning
A61: Clinics | H61: <<<TBD at a later time - could add another tab if clinic part of costing
A62: Total Allocations | C62: =SUM(C57:C61) -> 0 | D62: =SUM(D57:D61) -> 0 | E62: =SUM(E57:E61) -> 0 | F62: =SUM(F57:F61) -> 0 | G62: =SUM(G57:G61) -> 0
A64: Total Expense | B64: =SUM(B23,B42,B51,B62) -> 0 | C64: =SUM(C23,C42,C51,C62) -> 0 | D64: =SUM(D23,D42,D51,D62) -> 0 | E64: =SUM(E23,E42,E51,E62) -> 0 | F64: =SUM(F23,F42,F51,F62) -> 0 | G64: =SUM(G23,G42,G51,G62) -> 0
A66: Contribution | B66: =B12-B64 -> 0 | C66: =C12-C64 -> 0 | D66: =D12-D64 -> 0 | E66: =E12-E64 -> 0 | F66: =F12-F64 -> 0 | G66: =G12-G64 -> 0
A67: Contribution % | C67: =IFERROR(C66/C12,"") | D67: =IFERROR(D66/D12,"") | E67: =IFERROR(E66/E12,"") | F67: =IFERROR(F66/F12,"") | G67: =IFERROR(G66/G12,"")
A69: Capital
A70: =Other!A57 -> Other Internal Depts | B70: =Other!B57 -> 0 | C70: =Other!C57 -> 0 | D70: =Other!D57 -> 0 | E70: =Other!E57 -> 0 | F70: =Other!F57 -> 0 | G70: =Other!G57 -> 0 | H70: TBD
A71: =Other!A58 -> Other Capital 1 | B71: =Other!B58 -> 0 | C71: =Other!C58 -> 0 | D71: =Other!D58 -> 0 | E71: =Other!E58 -> 0 | F71: =Other!F58 -> 0 | G71: =Other!G58 -> 0 | H71: TBD
A72: =Other!A59 -> Other Capital 2 | B72: =Other!B59 -> 0 | C72: =Other!C59 -> 0 | D72: =Other!D59 -> 0 | E72: =Other!E59 -> 0 | F72: =Other!F59 -> 0 | G72: =Other!G59 -> 0 | H72: TBD
A73: Total Capital | B73: =SUM(B70:B72) -> 0 | C73: =SUM(C70:C72) -> 0 | D73: =SUM(D70:D72) -> 0 | E73: =SUM(E70:E72) -> 0 | F73: =SUM(F70:F72) -> 0 | G73: =SUM(G70:G72) -> 0
A75: =Other!A69 -> Non Salary Charges to be incurred by Other Internal Depts
A76: =Other!A70 -> Total Internal Depts | B76: =Other!B70 -> 0 | C76: =Other!C70 -> 0 | D76: =Other!D70 -> 0 | E76: =Other!E70 -> 0 | F76: =Other!F70 -> 0 | G76: =Other!G70 -> 0 | H76: TBD
A77: =Other!A71 -> Library Costs (calc at base amt per student semester) | C77: =Other!C71 -> 0 | D77: =Other!D71 -> 0 | E77: =Other!E71 -> 0 | F77: =Other!F71 -> 0 | G77: =Other!G71 -> 0 | H77: TBD
A78: Total Non Salary Direct - Other Deptids | B78: =SUM(B76:B77) -> 0 | C78: =SUM(C76:C77) -> 0 | D78: =SUM(D76:D77) -> 0 | E78: =SUM(E76:E77) -> 0 | F78: =SUM(F76:F77) -> 0 | G78: =SUM(G76:G77) -> 0
A80: Other Info Used in Calcs Above
A81: Benefits % based on 26/27 plan | C81: CPP EI EHT | D81: Ext Benefits | E81: CAAT
A82: FT Faculty | C82: 0.064 | D82: 0.065 | E82: 0.116
A83: FT Support | C83: 0.084 | D83: 0.11 | E83: 0.106
A84: PT Faculty (assume Partial Load) | C84: 0.095 | D84: 0.035 | E84: 0.06
A85: PT Support | C85: 0.095 | D85: 0 | E85: 0.045
A87: Amounts for Base Calcs
A88: LRC Amt per FTE | C88: 60
A90: Allocations - Gen Ed Comms
A91: Gen Ed Costs (deptid 100108) 24/25 - Barrie | C91: 5779385
A92: Total Courses * Students | C92: 19249
A93: Cost per Courses*Students | C93: =C91/C92 -> 300.24339 | D93: 285 prior template
A95: Allocations - College Degrees
A96: College Degree Costs (deptid 100128) 24/25 - Barrie | C96: 928881
A97: Total Courses * Students | C97: 1827
A98: Cost per Courses*Students | C98: =C96/C97 -> 508.41872 | D98: 560 prior template
A100: Allocations - International - 25/26 Budget
A101: Will Use (based on sem 1/2 tuition only) | C101: 0.125 | D101: 10.0% used previously on all semesters
A103: Allocations - Central Unallocated
A104: Academic Area | C104: 25/26 Forecast | D104: 25/26 Central Unallocated Costs | E104: Cost / Student | F104: FYI Cost / Student in Prior Template | G104: <<<student #s and costs used from 10/16/25 forecast allocation file in 25/26. "Enrol Alloc" tab - column F for enrolment and column O for total allocation
A105: Automotive and Business | C105: 2906 | D105: 777200 | E105: =D105/C105 -> 267.44666 | F105: 204.86283
A106: Computer Studies and Design Arts | C106: 2879 | D106: 1127800 | E106: =D106/C106 -> 391.73324 | F106: 213.56235
A107: Engineering Technology | C107: 2298 | D107: 901300 | E107: =D107/C107 -> 392.21062 | F107: 237.05636
A108: Health Sciences | C108: 6488 | D108: 2524400 | E108: =D108/C108 -> 389.08755 | F108: 479.69084
A109: Hospitality | C109: 1757 | D109: 628200 | E109: =D109/C109 -> 357.54126 | F109: 326.10384
A110: Human Services | C110: 2603 | D110: 1589800 | E110: =D110/C110 -> 610.75682 | F110: 319.46432
A111: Indigenous | C111: 76 | D111: 65900 | E111: =D111/C111 -> 867.10526 | F111: 0
A112: Liberal Arts | C112: 189 | D112: 0 | E112: =D112/C112 -> 0 | F112: 0
A114: Total | C114: =SUM(C105:C112) -> 19196 | D114: =SUM(D105:D112) -> 7614600 | E114: =D114/C114 -> 396.67639
A115: Will Use | E115: 400
A116: (previously from 19/20 have used differing amounts by school - ranging from $205 to $480, while overall average was only $298)
...

Sheet Summary - BOG
A1: Program Costing Summary - Board of Governors | F1: Version Date: | G1: ='Program Summary'!$C$2 -> 0
A2: =CONCATENATE("Program Name: ",'Program Summary'!C3) -> Program Name: | F2: Location: | G2: ='Program Summary'!$C$4 -> 0
A3: =CONCATENATE("Launch Date: ",'Program Summary'!C5) -> Launch Date: 27/28
A5: Fiscal Year | B5: Pre-Launch | C5: ='Enrol Summary'!B6 -> 27/28 | D5: ='Enrol Summary'!E6 -> 28/29 | E5: ='Enrol Summary'!H6 -> 29/30 | F5: ='Enrol Summary'!K6 -> 30/31 | G5: ='Enrol Summary'!N6 -> 31/32
A6: Enrolment
A7: Summer | C7: ='Enrol Summary'!B$50 -> 0 | D7: ='Enrol Summary'!E$50 -> 0 | E7: ='Enrol Summary'!H$50 -> 0 | F7: ='Enrol Summary'!K$50 -> 0 | G7: ='Enrol Summary'!N$50 -> 0
A8: Fall | C8: ='Enrol Summary'!C$50 -> 0 | D8: ='Enrol Summary'!F$50 -> 0 | E8: ='Enrol Summary'!I$50 -> 0 | F8: ='Enrol Summary'!L$50 -> 0 | G8: ='Enrol Summary'!O$50 -> 0
A9: Winter | C9: ='Enrol Summary'!D$50 -> 0 | D9: ='Enrol Summary'!G$50 -> 0 | E9: ='Enrol Summary'!J$50 -> 0 | F9: ='Enrol Summary'!M$50 -> 0 | G9: ='Enrol Summary'!P$50 -> 0
A10: Total | C10: =SUM(C7:C9) -> 0 | D10: =SUM(D7:D9) -> 0 | E10: =SUM(E7:E9) -> 0 | F10: =SUM(F7:F9) -> 0 | G10: =SUM(G7:G9) -> 0
A12: Revenue
A13: Tuition | C13: =SUM('Summary - Finance'!C7,'Summary - Finance'!C9) -> 0 | D13: =SUM('Summary - Finance'!D7,'Summary - Finance'!D9) -> 0 | E13: =SUM('Summary - Finance'!E7,'Summary - Finance'!E9) -> 0 | F13: =SUM('Summary - Finance'!F7,'Summary - Finance'!F9) -> 0 | G13: =SUM('Summary - Finance'!G7,'Summary - Finance'!G9) -> 0
A14: Grant | C14: ='Summary - Finance'!C8 -> 0 | D14: ='Summary - Finance'!D8 -> 0 | E14: ='Summary - Finance'!E8 -> 0 | F14: ='Summary - Finance'!F8 -> 0 | G14: ='Summary - Finance'!G8 -> 0
A15: Other | C15: =SUM('Summary - Finance'!C10:C11) -> 0 | D15: =SUM('Summary - Finance'!D10:D11) -> 0 | E15: =SUM('Summary - Finance'!E10:E11) -> 0 | F15: =SUM('Summary - Finance'!F10:F11) -> 0 | G15: =SUM('Summary - Finance'!G10:G11) -> 0
A16: Total Revenue | C16: =SUM(C13:C15) -> 0 | D16: =SUM(D13:D15) -> 0 | E16: =SUM(E13:E15) -> 0 | F16: =SUM(F13:F15) -> 0 | G16: =SUM(G13:G15) -> 0
A18: Expenses
A19: Salary and Benefits | B19: =SUM('Summary - Finance'!B23,'Summary - Finance'!B42) -> 0 | C19: =SUM('Summary - Finance'!C23,'Summary - Finance'!C42) -> 0 | D19: =SUM('Summary - Finance'!D23,'Summary - Finance'!D42) -> 0 | E19: =SUM('Summary - Finance'!E23,'Summary - Finance'!E42) -> 0 | F19: =SUM('Summary - Finance'!F23,'Summary - Finance'!F42) -> 0 | G19: =SUM('Summary - Finance'!G23,'Summary - Finance'!G42) -> 0
A20: Non Salary | B20: ='Summary - Finance'!B53 -> 0 | C20: ='Summary - Finance'!C53 -> 0 | D20: ='Summary - Finance'!D53 -> 0 | E20: ='Summary - Finance'!E53 -> 0 | F20: ='Summary - Finance'!F53 -> 0 | G20: ='Summary - Finance'!G53 -> 0
A21: Allocated Expenses | C21: ='Summary - Finance'!C62 -> 0 | D21: ='Summary - Finance'!D62 -> 0 | E21: ='Summary - Finance'!E62 -> 0 | F21: ='Summary - Finance'!F62 -> 0 | G21: ='Summary - Finance'!G62 -> 0
A22: Total Expense | B22: =SUM(B19:B21) -> 0 | C22: =SUM(C19:C21) -> 0 | D22: =SUM(D19:D21) -> 0 | E22: =SUM(E19:E21) -> 0 | F22: =SUM(F19:F21) -> 0 | G22: =SUM(G19:G21) -> 0
A24: Contribution | B24: =B16-B22 -> 0 | C24: =C16-C22 -> 0 | D24: =D16-D22 -> 0 | E24: =E16-E22 -> 0 | F24: =F16-F22 -> 0 | G24: =G16-G22 -> 0
A25: Contribution % | C25: =IFERROR(C24/C16,"") | D25: =IFERROR(D24/D16,"") | E25: =IFERROR(E24/E16,"") | F25: =IFERROR(F24/F16,"") | G25: =IFERROR(G24/G16,"")
A26: College's Target Contribution | E26: 0.3 | F26: 0.3 | G26: 0.3
A27: Cumulative Contribution (excl Pre-Launch) | C27: =SUM($C24:C24) -> 0 | D27: =SUM($C24:D24) -> 0 | E27: =SUM($C24:E24) -> 0 | F27: =SUM($C24:F24) -> 0 | G27: =SUM($C24:G24) -> 0
A29: Capital Costs | B29: ='Summary - Finance'!B73 -> 0 | C29: ='Summary - Finance'!C73 -> 0 | D29: ='Summary - Finance'!D73 -> 0 | E29: ='Summary - Finance'!E73 -> 0 | F29: ='Summary - Finance'!F73 -> 0 | G29: ='Summary - Finance'!G73 -> 0
A30: Other Direct Costs to be incurred by other Depts | B30: ='Summary - Finance'!B78 -> 0 | C30: ='Summary - Finance'!C78 -> 0 | D30: ='Summary - Finance'!D78 -> 0 | E30: ='Summary - Finance'!E78 -> 0 | F30: ='Summary - Finance'!F78 -> 0 | G30: ='Summary - Finance'!G78 -> 0

Sheet Aug 2025 APS Table w mods
A1: MTCU - APS programs list | B1: College: | C1: Algonquin College,Cambrian College,Canadore College,Centennial College,Collège Boréal,Conestoga College,Confederation College,Durham College,Fanshawe College,George Brown College,Georgian College,Humber College,La Cité Collégiale,Lambton College,Loyalist College,Mohawk College,Niagara College,Northern College,Sault College,Seneca College,Sheridan College,Sir Sandford Fleming College,St. Clair College,St. Lawrence College | D1: MTCU: | E1: All | F1: APS Status: | G1: Active Program,Cancelled,Suspended,Transfer | H1: New Weight per email from Ministry 02/23/2026 | AD1: FYI Aug 2025 Weight
A2: College | B2: APS | C2: APS Title | D2: MTCU Code | E2: MTCU Title | F2: Credential Type | G2: Tution | H2: WT | I2: FU | J2: High Demand | K2: Status | L2: Duration | M2: Degree Length | N2: OccCl | O2: TF | P2: Lang | Q2: Date of Submission | R2: Start | S2: Cancel | T2: Family | U2: P-T Co-op | V2: MTCU Title Fr | W2: Supercode | X2: Supercode Title | Y2: Supercode Title Fr | Z2: APS Key | AA2: Coop Flag | AB2: Date of Approval | AC2: Occupational Division | AD2: WT | AE2: New Pgm Weight Unavailable?
A3: BORE | B3: 3003 | C3: Baccalauréat en administration des affaires | D3: 30100 | E3: Three-Year Bachelor of Business Administration | F3: Baccalaureate Degree | G3: 6430 | H3: 1 | I3: 2.4 | J3: T | K3: A | L3: S006 | M3: 3 years | N3: B06 | O3: 3 | P3: F | Q3: 45240 | R3: 45536 | T3: 0100" | V3: Baccalauréat en administration des affaires en trois ans | W3: B-30100 | X3: Three-Year Bachelor of Business Administration | Y3: Baccalauréat en administration des affaires en trois ans | Z3: BORE03003 | AA3: T | AB3: 45811 | AC3: Affaires | AD3: 1
A4: CAMB | B4: 3003 | C4: Three-Year Bachelor of Business Administration | D4: 30100 | E4: Three-Year Bachelor of Business Administration | F4: Baccalaureate Degree | G4: 6345 | H4: 1 | I4: 2.4 | J4: T | K4: A | L4: S006 | M4: 3 years | N4: B06 | O4: 3 | P4: E | Q4: 44813 | R4: 45170 | T4: 0100" | V4: Baccalauréat en administration des affaires en trois ans | W4: B-30100 | X4: Three-Year Bachelor of Business Administration | Y4: Baccalauréat en administration des affaires en trois ans | Z4: CAMB03003 | AA4: T | AB4: 45196 | AC4: Business | AD4: 1
A5: DURH | B5: 3011 | C5: Bachelor of Business Administration (Human Resources Management) | D5: 30100 | E5: Three-Year Bachelor of Business Administration | F5: Baccalaureate Degree | G5: 6100 | H5: 1 | I5: 2.4 | J5: T | K5: A | L5: S007 | M5: 3 years | N5: B06 | O5: 3 | P5: E | Q5: 19/11/2024 | R5: 45901 | T5: 0100" | V5: Baccalauréat en administration des affaires en trois ans | W5: B-30100 | X5: Three-Year Bachelor of Business Administration | Y5: Baccalauréat en administration des affaires en trois ans | Z5: DURH03011 | AA5: F | AB5: 45800 | AC5: Business | AD5: 1
A6: SENE | B6: 3030 | C6: Bachelor of Business Administration | D6: 30100 | E6: Three-Year Bachelor of Business Administration | F6: Baccalaureate Degree | G6: 6354 | H6: 1 | I6: 2.4 | J6: T | K6: A | L6: S006 | M6: 3 years | N6: B06 | O6: 3 | P6: E | Q6: 45627 | R6: 45536 | T6: 0100" | V6: Baccalauréat en administration des affaires en trois ans | W6: B-30100 | X6: Three-Year Bachelor of Business Administration | Y6: Baccalauréat en administration des affaires en trois ans | Z6: SENE03030 | AA6: T | AB6: 45596 | AC6: Business | AD6: 1
A7: CANA | B7: 3003 | C7: Bachelor of Commerce | D7: 30200 | E7: Bachelor of Commerce - Applied Business | F7: Baccalaureate Degree | G7: 6100 | H7: =AD7 -> 1.1 | I7: 1.9 | J7: T | K7: A | L7: S006 | M7: 3 years | N7: B06 | O7: 3 | P7: E | Q7: 45083 | R7: 45536 | T7: 0200" | V7: Baccalauréat en commerce - affaires appliquées | W7: B-30200 | X7: Bachelor of Commerce - Applied Business | Y7: Baccalauréat en commerce - affaires appliquées | Z7: CANA03003 | AA7: F | AB7: 45596 | AC7: Business | AD7: 1.1 | AE7: y
A8: CONS | B8: 3022 | C8: Bachelor of Human Resources Management | D8: 30223 | E8: Bachelor of Human Resources Management | F8: Baccalaureate Degree | G8: 6500 | H8: 1 | I8: 2.4 | J8: T | K8: A | L8: S006 | M8: 3 years | N8: B11 | O8: 3 | P8: E | Q8: 45235 | R8: 45536 | T8: 0223" | V8: Baccalauréat en gestion des ressources humaines | W8: B-30223 | X8: Bachelor of Human Resources Management | Y8: Baccalauréat en gestion des ressources humaines | Z8: CONS03022 | AA8: T | AB8: 45237 | AC8: Business | AD8: 1
A9: BORE | B9: 3005 | C9: Baccalauréat en sciences de l'informatique | D9: 30505 | E9: Bachelor of Computer Science | F9: Baccalaureate Degree | G9: 6430 | H9: 1.7 | I9: 2.4 | J9: T | K9: A | L9: S006 | M9: 3 years | N9: T06 | O9: 3 | P9: F | Q9: 45240 | R9: 45536 | T9: 0505" | V9: Baccalauréats en sciences de l'information | W9: B-30505 | X9: Bachelor of Computer Science | Y9: Baccalauréats en sciences de l'information | Z9: BORE03005 | AA9: T | AB9: 45811 | AC9: Technologie | AD9: 1.1
A10: CONS | B10: 3023 | C10: Bachelor of Computer Science | D10: 30505 | E10: Bachelor of Computer Science | F10: Baccalaureate Degree | G10: 6354 | H10: 1.7 | I10: 2.4 | J10: T | K10: A | L10: S006 | M10: 3 years | N10: T06 | O10: 3 | P10: E | Q10: 31/05/2023 | R10: 45536 | T10: 0505" | V10: Baccalauréats en sciences de l'information | W10: B-30505 | X10: Bachelor of Computer Science | Y10: Baccalauréats en sciences de l'information | Z10: CONS03023 | AA10: T | AB10: 45223 | AC10: Technology | AD10: 1.1
A11: SENE | B11: 3028 | C11: Bachelor of Computer Science | D11: 30505 | E11: Bachelor of Computer Science | F11: Baccalaureate Degree | G11: 6354 | H11: 1.7 | I11: 2.4 | J11: T | K11: A | L11: S006 | M11: 3 years | N11: T06 | O11: 3 | P11: E | Q11: 45627 | R11: 45536 | T11: 0505" | V11: Baccalauréats en sciences de l'information | W11: B-30505 | X11: Bachelor of Computer Science | Y11: Baccalauréats en sciences de l'information | Z11: SENE03028 | AA11: T | AB11: 45596 | AC11: Technology | AD11: 1.1
A12: CONS | B12: 3030 | C12: Bachelor of Data Analytics | D12: 30523 | E12: Bachelor of Data Analytics | F12: Baccalaureate Degree | G12: 6354 | H12: =AD12 -> 1 | I12: 2.5 | J12: T | K12: A | L12: S006 | M12: 3 years | N12: B01 | O12: 3 | P12: E | Q12: 25/03/2024 | R12: 45901 | T12: 0523" | V12: Baccalauréat en analyse de données | W12: B-30523 | X12: Bachelor of Data Analytics | Y12: Baccalauréat en analyse de données | Z12: CONS03030 | AA12: T | AB12: 45631 | AC12: Business | AD12: 1 | AE12: y
A13: SENE | B13: 3029 | C13: Bachelor of Science- Cosmetic Science | D13: 31304 | E13: Bachelor of Science- Cosmetic Science | F13: Baccalaureate Degree | G13: 6354 | H13: 2.2 | I13: 2.6 | J13: T | K13: A | L13: S006 | M13: 3 years | N13: H03 | O13: 3 | P13: E | Q13: 45627 | R13: 45536 | T13: 1304" | V13: Baccalauréat en sciences | W13: B-31304 | X13: Bachelor of Science | Y13: Baccalauréat en sciences | Z13: SENE03029 | AA13: T | AB13: 45596 | AC13: Health | AD13: 1
A14: CONS | B14: 3032 | C14: Bachelor of Animation | D14: 31901 | E14: Bachelor of Applied Arts (Animation) | F14: Baccalaureate Degree | G14: 7016 | H14: =AD14 -> 1.2 | I14: 2.3 | J14: T | K14: A | L14: S006 | M14: 3 years | N14: A01 | O14: 3 | P14: E | Q14: 29/07/2024 | R14: 45901 | T14: 1901" | V14: Baccalauréat en arts appliqués-animation | W14: B-31901 | X14: Bachelor of Applied Arts (Animation) | Y14: Baccalauréat en arts appliqués-animation | Z14: CONS03032 | AA14: T | AB14: 45792 | AC14: Arts | AD14: 1.2 | AE14: y
A15: DURH | B15: 3009 | C15: Bachelor of Paralegal | D15: 32611 | E15: Bachelor of Paralegal | F15: Baccalaureate Degree | G15: 6354 | H15: =AD15 -> 1 | I15: 2 | J15: T | K15: A | L15: S006 | M15: 3 years | N15: B15 | O15: 3 | P15: E | Q15: 13/09/2023 | R15: 45536 | T15: 2611" | V15: Baccalauréat en arts appliqués-études parajuridiques | W15: B-32611 | X15: Bachelor of Applied Arts (Paralegal Studies) | Y15: Baccalauréat en arts appliqués-études parajuridiques | Z15: DURH03009 | AA15: T | AB15: 45300 | AC15: Business | AD15: 1 | AE15: y
A16: LACI | B16: 3002 | C16: Baccalauréat en commerce | D16: 32900 | E16: Bachelor of Commerce | F16: Baccalaureate Degree | G16: 6589 | H16: =AD16 -> 1 | I16: 2 | J16: T | K16: A | L16: S006 | M16: 3 years | N16: B06 | O16: 3 | P16: F | Q16: 28/11/2023 | R16: 45901 | T16: 2900" | V16: Baccalauréat en commerce | W16: B-32900 | X16: Bachelor of Commerce | Y16: Baccalauréat en commerce | Z16: LACI03002 | AA16: T | AB16: 45670 | AC16: Affaires | AD16: 1 | AE16: y
A17: CONS | B17: 3027 | C17: Bachelor of Hospitality Management | D17: 33209 | E17: Bachelor of Hospitality Management | F17: Baccalaureate Degree | G17: 6354 | H17: =AD17 -> 1 | I17: 2.1 | J17: T | K17: A | L17: S006 | M17: 3 years | N17: B17 | O17: 3 | P17: E | Q17: 28/11/2023 | R17: 45536 | T17: 3209" | V17: • Baccalauréat en gestion du tourisme et de l'hôtellerie | W17: B-33209 | X17: Bachelor of Hospitality Management | Y17: • Baccalauréat en gestion du tourisme et de l'hôtellerie | Z17: CONS03027 | AA17: T | AB17: 45471 | AC17: Business | AD17: 1 | AE17: y
A18: CANA | B18: 3004 | C18: Bachelor of Computer Science-Software Development | D18: 37000 | E18: Bachelor of Computer Science - Software Development | F18: Baccalaureate Degree | G18: 6100 | H18: =AD18 -> 1.1 | I18: 1.9 | J18: T | K18: A | L18: S006 | M18: 3 years | N18: B01 | O18: 3 | P18: E | Q18: 15/06/2023 | R18: 45536 | T18: 7000" | V18: Baccalauréats en sciences de l'information appliquées - élaboration de logiciels | W18: B-37000 | X18: Bachelor of Computer Science - Software Development | Y18: Baccalauréats en sciences de l'information appliquées - élaboration de logiciels | Z18: CANA03004 | AA18: F | AB18: 45715 | AC18: Business | AD18: 1.1 | AE18: y
A19: CANA | B19: 1185 | C19: Accounting Foundations | D19: 40100 | E19: Accounting Techniques | F19: Ontario College Certificate | H19: =AD19 -> 1 | I19: 0.9 | K19: A | L19: S002 | M19: N/A | N19: B07 | O19: 1 | P19: E | Q19: 39818 | R19: 39934 | T19: 0100" | V19: Pratique de la comptabilité | W19: C-40100 | X19: Accounting Techniques | Y19: Pratique de la comptabilité | Z19: CANA01185 | AC19: Business | AD19: 1 | AE19: y
A20: LOYT | B20: 1077 | C20: Accounting Techniques | D20: 40100 | E20: Accounting Techniques | F20: Ontario College Certificate | H20: =AD20 -> 1 | I20: 0.9 | K20: C | L20: S002 | M20: N/A | N20: B07 | O20: 1 | P20: E | Q20: 33978 | R20: 34213 | S20: 40148 | T20: 0100" | V20: Pratique de la comptabilité | W20: C-40100 | X20: Accounting Techniques | Y20: Pratique de la comptabilité | Z20: LOYT01077 | AC20: Business | AD20: 1 | AE20: y
A21: SENE | B21: 1281 | C21: Accounting Techniques | D21: 40100 | E21: Accounting Techniques | F21: Ontario College Certificate | H21: =AD21 -> 1 | I21: 0.9 | K21: C | L21: S002 | M21: N/A | N21: B07 | O21: 1 | P21: E | Q21: 21/12/2009 | R21: 40179 | S21: 44805 | T21: 0100" | V21: Pratique de la comptabilité | W21: C-40100 | X21: Accounting Techniques | Y21: Pratique de la comptabilité | Z21: SENE01281 | AC21: Business | AD21: 1 | AE21: y
A22: CENT | B22: 1000 | C22: Administration Studies | D22: 40200 | E22: Administration Studies | F22: Ontario College Certificate | H22: 1 | I22: 1 | K22: C | L22: U | M22: N/A | N22: B06 | O22: 1 | P22: E | Q22: 31415 | R22: 31472 | S22: 31472 | T22: 0200" | V22: Études en administration | W22: C-40200 | X22: Administration Studies | Y22: Études en administration | Z22: CENT01000 | AC22: Business | AD22: 1
A23: NORT | B23: 1155 | C23: Introductory Management | D23: 40200 | E23: Administration Studies | F23: Ontario College Certificate | H23: 1 | I23: 1 | K23: C | L23: U | M23: N/A | N23: B06 | O23: 1 | P23: E | Q23: 34707 | R23: 34912 | S23: 38231 | T23: 0200" | V23: Études en administration | W23: C-40200 | X23: Administration Studies | Y23: Études en administration | Z23: NORT01155 | AC23: Business | AD23: 1
A24: NORT | B24: 1194 | C24: Management | D24: 40200 | E24: Administration Studies | F24: Ontario College Certificate | H24: 1 | I24: 1 | K24: A | L24: S002 | M24: N/A | N24: B06 | O24: 1 | P24: E | Q24: 36900 | R24: 37135 | T24: 0200" | V24: Études en administration | W24: C-40200 | X24: Administration Studies | Y24: Études en administration | Z24: NORT01194 | AC24: Business | AD24: 1
A25: SAUL | B25: 1038 | C25: Technical Administration | D25: 40200 | E25: Administration Studies | F25: Ontario College Certificate | H25: 1 | I25: 1 | K25: C | L25: U | M25: N/A | N25: B06 | O25: 1 | P25: E | Q25: 31415 | R25: 31472 | S25: 31472 | T25: 0200" | V25: Études en administration | W25: C-40200 | X25: Administration Studies | Y25: Études en administration | Z25: SAUL01038 | AC25: Business | AD25: 1
A26: SAUL | B26: 1156 | C26: Aboriginal Business | D26: 40200 | E26: Administration Studies | F26: Ontario College Certificate | H26: 1 | I26: 1 | K26: C | L26: S2.5 | M26: N/A | N26: B06 | O26: 1 | P26: E | Q26: 36900 | R26: 37135 | S26: 39436 | T26: 0200" | V26: Études en administration | W26: C-40200 | X26: Administration Studies | Y26: Études en administration | Z26: SAUL01156 | AC26: Business | AD26: 1
A27: CENT | B27: 1203 | C27: Pre-business | D27: 40205 | E27: Pre-business | F27: Ontario College Certificate | H27: 1 | I27: 0.8 | K27: C | L27: S002 | M27: N/A | N27: A09 | O27: 1 | P27: E | Q27: 23/02/2006 | R27: 38961 | S27: 45316 | T27: 0205" | V27: Cours préparatoire au programme d'administration | W27: C-40205 | X27: Pre-business | Y27: Cours préparatoire au programme d'administration | Z27: CENT01203 | AC27: Arts | AD27: 1
A28: GRBR | B28: 1204 | C28: Pre-business | D28: 40205 | E28: Pre-business | F28: Ontario College Certificate | H28: 1 | I28: 0.8 | K28: A | L28: S002 | M28: N/A | N28: A09 | O28: 1 | P28: E | Q28: 37257 | R28: 37257 | T28: 0205" | V28: Cours préparatoire au programme d'administration | W28: C-40205 | X28: Pre-business | Y28: Cours préparatoire au programme d'administration | Z28: GRBR01204 | AC28: Arts | AD28: 1
A29: LAMB | B29: 1061 | C29: Pre-business | D29: 40205 | E29: Pre-business | F29: Ontario College Certificate | H29: 1 | I29: 0.8 | K29: C | L29: S002 | M29: N/A | N29: A09 | O29: 1 | P29: E | Q29: 33978 | R29: 34213 | S29: 45536 | T29: 0205" | V29: Cours préparatoire au programme d'administration | W29: C-40205 | X29: Pre-business | Y29: Cours préparatoire au programme d'administration | Z29: LAMB01061 | AC29: Arts | AD29: 1
A30: SENE | B30: 1264 | C30: Pre-Business | D30: 40205 | E30: Pre-business | F30: Ontario College Certificate | H30: 1 | I30: 0.8 | K30: A | L30: S002 | M30: N/A | N30: A09 | O30: 1 | P30: E | Q30: 39456 | R30: 39692 | T30: 0205" | V30: Cours préparatoire au programme d'administration | W30: C-40205 | X30: Pre-business | Y30: Cours préparatoire au programme d'administration | Z30: SENE01264 | AC30: Arts | AD30: 1
A31: STCL | B31: 1185 | C31: Pre-business | D31: 40205 | E31: Pre-business | F31: Ontario College Certificate | H31: 1 | I31: 0.8 | K31: C | L31: S002 | M31: N/A | N31: A09 | O31: 1 | P31: E | Q31: 38361 | R31: 38596 | S31: 42979 | T31: 0205" | V31: Cours préparatoire au programme d'administration | W31: C-40205 | X31: Pre-business | Y31: Cours préparatoire au programme d'administration | Z31: STCL01185 | AC31: Arts | AD31: 1
A32: CONS | B32: 1146 | C32: (P-T) Management Skills | D32: 40206 | E32: Management Skills | F32: Ontario College Certificate | H32: =AD32 -> 0 | I32: 0 | K32: C | L32: H532 | M32: N/A | N32: B06 | O32: 0 | P32: E | Q32: 36900 | R32: 37135 | S32: 45536 | T32: 0206" | V32: Pratique en gestion | W32: C-40206 | X32: Management Skills | Y32: Pratique en gestion | Z32: CONS01146 | AC32: Business | AD32: 0 | AE32: y
A33: MOHA | B33: 1313 | C33: Global Professional Practices | D33: 40207 | E33: Global Professional Practices | F33: Ontario College Certificate | G33: 2708.08 | H33: =AD33 -> 1 | I33: 0.9 | J33: F | K33: A | L33: S002 | M33: N/A | N33: A09 | O33: 1 | P33: E | Q33: 27/11/2023 | R33: 45536 | T33: 0207" | V33: Pratiques professionnelles mondiales | W33: C-40207 | X33: Global Professional Practices | Y33: Pratiques professionnelles mondiales | Z33: MOHA01313 | AA33: F | AB33: 45320 | AC33: Arts | AD33: 1 | AE33: y
A34: ALGO | B34: 1480 | C34: Business Fundamentals | D34: 40208 | E34: Business Fundamentals | F34: Ontario College Certificate | G34: 3114.92 | H34: 1 | I34: 0.9 | J34: F | K34: A | L34: S002 | M34: N/A | N34: B06 | O34: 1 | P34: E | Q34: 20/07/2018 | R34: 43709 | T34: 0208" | V34: Principes fondamentaux en commerce | W34: C-40208 | X34: Business Fundamentals | Y34: Principes fondamentaux en commerce | Z34: ALGO01480 | AA34: F | AB34: 43341 | AC34: Business | AD34: 1
A35: BORE | B35: 1171 | C35: Pratiques en administration des affaires | D35: 40208 | E35: Business Fundamentals | F35: Ontario College Certificate | G35: 3004.18 | H35: 1 | I35: 0.9 | J35: F | K35: A | L35: S002 | M35: N/A | N35: B06 | O35: 1 | P35: F | Q35: 43378 | R35: 43344 | T35: 0208" | V35: Principes fondamentaux en commerce | W35: C-40208 | X35: Business Fundamentals | Y35: Principes fondamentaux en commerce | Z35: BORE01171 | AA35: F | AB35: 43336 | AC35: Affaires | AD35: 1
A36: CAMB | B36: 1285 | C36: Business Fundamentals | D36: 40208 | E36: Business Fundamentals | F36: Ontario College Certificate | H36: 1 | I36: 0.9 | K36: A | L36: S002 | M36: N/A | N36: B06 | O36: 1 | P36: E | Q36: 17/06/2011 | R36: 40787 | T36: 0208" | V36: Principes fondamentaux en commerce | W36: C-40208 | X36: Business Fundamentals | Y36: Principes fondamentaux en commerce | Z36: CAMB01285 | AC36: Business | AD36: 1
A37: CANA | B37: 1218 | C37: Business Fundamentals | D37: 40208 | E37: Business Fundamentals | F37: Ontario College Certificate | G37: 3904.02 | H37: 1 | I37: 0.9 | J37: T | K37: A | L37: S002 | M37: N/A | N37: B06 | O37: 1 | P37: E | Q37: 26/05/2016 | R37: 42614 | T37: 0208" | V37: Principes fondamentaux en commerce | W37: C-40208 | X37: Business Fundamentals | Y37: Principes fondamentaux en commerce | Z37: CANA01218 | AA37: F | AB37: 42566 | AC37: Business | AD37: 1
A38: CENT | B38: 1283 | C38: Business Foundations | D38: 40208 | E38: Business Fundamentals | F38: Ontario College Certificate | H38: 1 | I38: 0.9 | K38: A | L38: S002 | M38: N/A | N38: B06 | O38: 1 | P38: E | Q38: 41310 | R38: 41518 | T38: 0208" | V38: Principes fondamentaux en commerce | W38: C-40208 | X38: Business Fundamentals | Y38: Principes fondamentaux en commerce | Z38: CENT01283 | AC38: Business | AD38: 1
A39: CONF | B39: 1178 | C39: Business Fundamentals | D39: 40208 | E39: Business Fundamentals | F39: Ontario College Certificate | H39: 1 | I39: 0.9 | K39: A | L39: S002 | M39: N/A | N39: B06 | O39: 1 | P39: E | Q39: 20/06/2006 | R39: 38930 | T39: 0208" | V39: Principes fondamentaux en commerce | W39: C-40208 | X39: Business Fundamentals | Y39: Principes fondamentaux en commerce | Z39: CONF01178 | AC39: Business | AD39: 1
A40: CONS | B40: 1196 | C40: Business Foundations | D40: 40208 | E40: Business Fundamentals | F40: Ontario College Certificate | H40: 1 | I40: 0.9 | K40: A | L40: S002 | M40: N/A | N40: B06 | O40: 1 | P40: E | Q40: 38849 | R40: 39083 | T40: 0208" | V40: Principes fondamentaux en commerce | W40: C-40208 | X40: Business Fundamentals | Y40: Principes fondamentaux en commerce | Z40: CONS01196 | AC40: Business | AD40: 1
A41: CONS | B41: 1425 | C41: Business Fundamentals - Banking and Financial Services | D41: 40208 | E41: Business Fundamentals | F41: Ontario College Certificate | G41: 3384.07 | H41: 1 | I41: 0.9 | J41: F | K41: A | L41: S002 | M41: N/A | N41: B06 | O41: 1 | P41: E | Q41: 45385 | R41: 45901 | T41: 0208" | V41: Principes fondamentaux en commerce | W41: C-40208 | X41: Business Fundamentals | Y41: Principes fondamentaux en commerce | Z41: CONS01425 | AA41: F | AB41: 45511 | AC41: Business | AD41: 1
A42: DURH | B42: 1181 | C42: Business Fundamentals | D42: 40208 | E42: Business Fundamentals | F42: Ontario College Certificate | H42: 1 | I42: 0.9 | K42: A | L42: S002 | M42: N/A | N42: B06 | O42: 1 | P42: E | Q42: 40060 | R42: 40057 | T42: 0208" | V42: Principes fondamentaux en commerce | W42: C-40208 | X42: Business Fundamentals | Y42: Principes fondamentaux en commerce | Z42: DURH01181 | AC42: Business | AD42: 1
A43: FANS | B43: 1264 | C43: Business - Fundamentals | D43: 40208 | E43: Business Fundamentals | F43: Ontario College Certificate | H43: 1 | I43: 0.9 | K43: A | L43: S002 | M43: N/A | N43: B06 | O43: 1 | P43: E | Q43: 28/04/2008 | R43: 39692 | T43: 0208" | V43: Principes fondamentaux en commerce | W43: C-40208 | X43: Business Fundamentals | Y43: Principes fondamentaux en commerce | Z43: FANS01264 | AC43: Business | AD43: 1
A44: FANS | B44: 1345 | C44: Business Fundamentals - Entrepreneurship | D44: 40208 | E44: Business Fundamentals | F44: Ontario College Certificate | G44: 3022.8 | H44: 1 | I44: 0.9 | J44: F | K44: A | L44: S002 | M44: N/A | N44: B06 | O44: 1 | P44: E | Q44: 42740 | R44: 43344 | T44: 0208" | V44: Principes fondamentaux en commerce | W44: C-40208 | X44: Business Fundamentals | Y44: Principes fondamentaux en commerce | Z44: FANS01345 | AA44: F | AB44: 42900 | AC44: Business | AD44: 1
A45: GEOR | B45: 1230 | C45: Business Fundamentals | D45: 40208 | E45: Business Fundamentals | F45: Ontario College Certificate | H45: 1 | I45: 0.9 | K45: A | L45: S002 | M45: N/A | N45: B06 | O45: 1 | P45: E | Q45: 30/05/2011 | R45: 40909 | T45: 0208" | V45: Principes fondamentaux en commerce | W45: C-40208 | X45: Business Fundamentals | Y45: Principes fondamentaux en commerce | Z45: GEOR01230 | AC45: Business | AD45: 1
A46: LACI | B46: 1173 | C46: Pratiques en administration des affaires | D46: 40208 | E46: Business Fundamentals | F46: Ontario College Certificate | H46: 1 | I46: 0.9 | K46: A | L46: S002 | M46: N/A | N46: B06 | O46: 1 | P46: F | Q46: 14/07/2011 | R46: 40787 | T46: 0208" | V46: Principes fondamentaux en commerce | W46: C-40208 | X46: Business Fundamentals | Y46: Principes fondamentaux en commerce | Z46: LACI01173 | AA46: F | AC46: Affaires | AD46: 1
A47: LAMB | B47: 1187 | C47: Business Fundamentals | D47: 40208 | E47: Business Fundamentals | F47: Ontario College Certificate | G47: 2875 | H47: 1 | I47: 0.9 | J47: F | K47: A | L47: S002 | M47: N/A | N47: B06 | O47: 1 | P47: E | Q47: 20/01/2025 | R47: 46266 | T47: 0208" | V47: Principes fondamentaux en commerce | W47: C-40208 | X47: Business Fundamentals | Y47: Principes fondamentaux en commerce | Z47: LAMB01187 | AA47: F | AB47: 45783 | AC47: Business | AD47: 1
A48: MOHA | B48: 1231 | C48: Business Foundations | D48: 40208 | E48: Business Fundamentals | F48: Ontario College Certificate | H48: 1 | I48: 0.9 | K48: S | L48: S002 | M48: N/A | N48: B06 | O48: 1 | P48: E | Q48: 25/04/2008 | R48: 40057 | T48: 0208" | V48: Principes fondamentaux en commerce | W48: C-40208 | X48: Business Fundamentals | Y48: Principes fondamentaux en commerce | Z48: MOHA01231 | AC48: Business | AD48: 1
A49: MOHA | B49: 1298 | C49: Business Fundamentals - Small Business | D49: 40208 | E49: Business Fundamentals | F49: Ontario College Certificate | G49: 3008.98 | H49: 1 | I49: 0.9 | J49: F | K49: A | L49: S002 | M49: N/A | N49: B06 | O49: 1 | P49: E | Q49: 15/08/2018 | R49: 43344 | T49: 0208" | V49: Principes fondamentaux en commerce | W49: C-40208 | X49: Business Fundamentals | Y49: Principes fondamentaux en commerce | Z49: MOHA01298 | AA49: F | AB49: 43410 | AC49: Business | AD49: 1
A50: NIAG | B50: 1241 | C50: Business Fundamentals | D50: 40208 | E50: Business Fundamentals | F50: Ontario College Certificate | G50: 2928.8 | H50: 1 | I50: 0.9 | J50: F | K50: A | L50: S002 | M50: N/A | N50: B06 | O50: 1 | P50: E | Q50: 27/07/2017 | R50: 42979 | T50: 0208" | V50: Principes fondamentaux en commerce | W50: C-40208 | X50: Business Fundamentals | Y50: Principes fondamentaux en commerce | Z50: NIAG01241 | AA50: F | AB50: 43182 | AC50: Business | AD50: 1
A51: SAUL | B51: 1214 | C51: Business Fundamentals | D51: 40208 | E51: Business Fundamentals | F51: Ontario College Certificate | G51: 2773.6 | H51: 1 | I51: 0.9 | J51: F | K51: A | L51: S002 | M51: N/A | N51: B06 | O51: 1 | P51: E | Q51: 31/10/2016 | R51: 42736 | T51: 0208" | V51: Principes fondamentaux en commerce | W51: C-40208 | X51: Business Fundamentals | Y51: Principes fondamentaux en commerce | Z51: SAUL01214 | AA51: F | AB51: 42774 | AC51: Business | AD51: 1
A52: SLAW | B52: 1212 | C52: Business Fundamentals | D52: 40208 | E52: Business Fundamentals | F52: Ontario College Certificate | H52: 1 | I52: 0.9 | K52: A | L52: S002 | M52: N/A | N52: B06 | O52: 1 | P52: E | Q52: 21/10/2013 | R52: 41883 | T52: 0208" | V52: Principes fondamentaux en commerce | W52: C-40208 | X52: Business Fundamentals | Y52: Principes fondamentaux en commerce | Z52: SLAW01212 | AC52: Business | AD52: 1
A53: GEOR | B53: 1192 | C53: Business Foundations | D53: 40214 | E53: Business Foundations | F53: Ontario College Certificate | H53: =AD53 -> 1 | I53: 0.4 | K53: S | L53: S001 | M53: N/A | N53: B06 | O53: 0.5 | P53: E | Q53: 39179 | R53: 39326 | T53: 0214" | V53: Connaissance fondamentale en commerce | W53: C-40214 | X53: Business Foundations | Y53: Connaissance fondamentale en commerce | Z53: GEOR01192 | AC53: Business | AD53: 1 | AE53: Y
A54: SLAW | B54: 1146 | C54: Quality Management | D54: 40217 | E54: Quality Management | F54: Ontario College Certificate | H54: =AD54 -> 1 | I54: 0.8 | K54: C | L54: S002 | M54: N/A | N54: B06 | O54: 1 | P54: E | Q54: 34343 | R54: 34578 | S54: 39195 | T54: 0217" | V54: Gestion de la qualité | W54: C-40217 | X54: Quality Management | Y54: Gestion de la qualité | Z54: SLAW01146 | AC54: Business | AD54: 1 | AE54: y
A55: STCL | B55: 1172 | C55: Quality Assurance And Management - Level I | D55: 40217 | E55: Quality Management | F55: Ontario College Certificate | H55: =AD55 -> 1 | I55: 0.8 | K55: C | L55: H210 | M55: N/A | N55: B06 | O55: 1 | P55: E | Q55: 37987 | R55: 37987 | S55: 41883 | T55: 0217" | V55: Gestion de la qualité | W55: C-40217 | X55: Quality Management | Y55: Gestion de la qualité | Z55: STCL01172 | AC55: Business | AD55: 1 | AE55: y
A56: STCL | B56: 1173 | C56: Quality Assurance And Management - Level Ii | D56: 40217 | E56: Quality Management | F56: Ontario College Certificate | H56: =AD56 -> 1 | I56: 0.8 | K56: C | L56: H336 | M56: N/A | N56: B06 | O56: 1 | P56: E | Q56: 37987 | R56: 37987 | S56: 41883 | T56: 0217" | V56: Gestion de la qualité | W56: C-40217 | X56: Quality Management | Y56: Gestion de la qualité | Z56: STCL01173 | AC56: Business | AD56: 1 | AE56: y
A57: FANS | B57: 1104 | C57: (P-T) Municipal Administration | D57: 40219 | E57: Municipal Administration | F57: Ontario College Certificate | H57: =AD57 -> 1 | I57: 0.4 | K57: C | L57: S002 | M57: N/A | N57: B10 | O57: 0.5 | P57: E | Q57: 29290 | R57: 29497 | S57: 42248 | T57: 0219" | V57: Administration municipale | W57: C-40219 | X57: Municipal Administration | Y57: Administration municipale | Z57: FANS01104 | AC57: Business | AD57: 1 | AE57: y
A58: SLAW | B58: 1082 | C58: Municipal Administration | D58: 40219 | E58: Municipal Administration | F58: Ontario College Certificate | H58: =AD58 -> 1 | I58: 0.4 | K58: C | L58: S002 | M58: N/A | N58: B10 | O58: 0.5 | P58: E | Q58: 27/03/1974 | R58: 27115 | S58: 40148 | T58: 0219" | V58: Administration municipale | W58: C-40219 | X58: Municipal Administration | Y58: Administration municipale | Z58: SLAW01082 | AC58: Business | AD58: 1 | AE58: y
A59: CONS | B59: 1103 | C59: Health Office Operations | D59: 40222 | E59: Health Office Operations | F59: Ontario College Certificate | H59: =AD59 -> 1.1 | I59: 0.9 | K59: C | L59: H788 | M59: N/A | N59: B02 | O59: 1 | P59: E | Q59: 35439 | R59: 35674 | S59: 38231 | T59: 0222" | V59: Tenue de bureau médical | W59: C-40222 | X59: Health Office Operations | Y59: Tenue de bureau médical | Z59: CONS01103 | AC59: Business | AD59: 1.1 | AE59: y
A60: SAUL | B60: 1126 | C60: (P-T) Human Resources Practices | D60: 40223 | E60: Human Resources Practices | F60: Ontario College Certificate | H60: =AD60 -> 1 | I60: 0.5 | K60: A | L60: H360 | M60: N/A | N60: B11 | O60: 0.5 | P60: E | Q60: 35073 | R60: 35309 | T60: 0223" | V60: Pratiques en gestion des ressources humaines | W60: C-40223 | X60: Human Resources Practices | Y60: Pratiques en gestion des ressources humaines | Z60: SAUL01126 | AC60: Business | AD60: 1 | AE60: y
A61: BORE | B61: 1029 | C61: Gestion de la petite entreprise | D61: 40231 | E61: Small Business | F61: Ontario College Certificate | H61: =AD61 -> 1 | I61: 1 | K61: C | L61: S002 | M61: N/A | N61: B14 | O61: 1 | P61: F | Q61: 34708 | R61: 34943 | S61: 39191 | T61: 0231" | V61: Petites entreprises | W61: C-40231 | X61: Small Business | Y61: Petites entreprises | Z61: BORE01029 | AC61: Affaires | AD61: 1 | AE61: y
A62: CAMB | B62: 1158 | C62: Small Business | D62: 40231 | E62: Small Business | F62: Ontario College Certificate | H62: =AD62 -> 1 | I62: 1 | K62: T | L62: S002 | M62: N/A | N62: B14 | O62: 1 | P62: F | Q62: 33239 | R62: 33239 | S62: 34943 | T62: 0231" | V62: Petites entreprises | W62: C-40231 | X62: Small Business | Y62: Petites entreprises | Z62: CAMB01158 | AC62: Business | AD62: 1 | AE62: y
A63: CANA | B63: 1101 | C63: Entrepreneurship | D63: 40231 | E63: Small Business | F63: Ontario College Certificate | H63: =AD63 -> 1 | I63: 1 | K63: C | L63: S002 | M63: N/A | N63: B14 | O63: 1 | P63: E | Q63: 33247 | R63: 33482 | S63: 36039 | T63: 0231" | V63: Petites entreprises | W63: C-40231 | X63: Small Business | Y63: Petites entreprises | Z63: CANA01101 | AC63: Business | AD63: 1 | AE63: y
A64: CENT | B64: 1112 | C64: Small Business Management | D64: 40231 | E64: Small Business | F64: Ontario College Certificate | H64: =AD64 -> 1 | I64: 1 | K64: C | L64: S002 | M64: N/A | N64: B14 | O64: 1 | P64: E | Q64: 31421 | R64: 31656 | S64: 32387 | T64: 0231" | V64: Petites entreprises | W64: C-40231 | X64: Small Business | Y64: Petites entreprises | Z64: CENT01112 | AC64: Business | AD64: 1 | AE64: y
A65: CONF | B65: 1104 | C65: Entrepreneurship | D65: 40231 | E65: Small Business | F65: Ontario College Certificate | H65: =AD65 -> 1 | I65: 1 | K65: C | L65: S002 | M65: N/A | N65: B14 | O65: 1 | P65: E | Q65: 32517 | R65: 32752 | S65: 45536 | T65: 0231" | V65: Petites entreprises | W65: C-40231 | X65: Small Business | Y65: Petites entreprises | Z65: CONF01104 | AC65: Business | AD65: 1 | AE65: y
A66: CONS | B66: 1087 | C66: Small Business | D66: 40231 | E66: Small Business | F66: Ontario College Certificate | H66: =AD66 -> 1 | I66: 1 | K66: C | L66: U | M66: N/A | N66: B14 | O66: 1 | P66: E | Q66: 33978 | R66: 34213 | S66: 39192 | T66: 0231" | V66: Petites entreprises | W66: C-40231 | X66: Small Business | Y66: Petites entreprises | Z66: CONS01087 | AC66: Business | AD66: 1 | AE66: y
A67: FANS | B67: 1280 | C67: Entrepreneurship | D67: 40231 | E67: Small Business | F67: Ontario College Certificate | H67: =AD67 -> 1 | I67: 1 | K67: C | L67: S002 | M67: N/A | N67: B14 | O67: 1 | P67: E | Q67: 26/08/2010 | R67: 40787 | S67: 45536 | T67: 0231" | V67: Petites entreprises | W67: C-40231 | X67: Small Business | Y67: Petites entreprises | Z67: FANS01280 | AC67: Business | AD67: 1 | AE67: y
A68: GEOR | B68: 1094 | C68: Small Business Management | D68: 40231 | E68: Small Business | F68: Ontario College Certificate | H68: =AD68 -> 1 | I68: 1 | K68: C | L68: S002 | M68: N/A | N68: B14 | O68: 1 | P68: E | Q68: 31421 | R68: 31656 | S68: 32509 | T68: 0231" | V68: Petites entreprises | W68: C-40231 | X68: Small Business | Y68: Petites entreprises | Z68: GEOR01094 | AC68: Business | AD68: 1 | AE68: Y
A69: GRBR | B69: 1161 | C69: Small Business | D69: 40231 | E69: Small Business | F69: Ontario College Certificate | H69: =AD69 -> 1 | I69: 1 | K69: C | L69: S002 | M69: N/A | N69: B14 | O69: 1 | P69: E | Q69: 34343 | R69: 34578 | S69: 38231 | T69: 0231" | V69: Petites entreprises | W69: C-40231 | X69: Small Business | Y69: Petites entreprises | Z69: GRBR01161 | AC69: Business | AD69: 1 | AE69: y
A70: MOHA | B70: 1207 | C70: Small Business And Entrepreneurship | D70: 40231 | E70: Small Business | F70: Ontario College Certificate | H70: =AD70 -> 1 | I70: 1 | K70: A | L70: S002 | M70: N/A | N70: B14 | O70: 1 | P70: E | Q70: 38631 | R70: 38596 | T70: 0231" | V70: Petites entreprises | W70: C-40231 | X70: Small Business | Y70: Petites entreprises | Z70: MOHA01207 | AC70: Business | AD70: 1 | AE70: y
A71: MOHA | B71: 1233 | C71: Aboriginal Small Business Management | D71: 40231 | E71: Small Business | F71: Ontario College Certificate | H71: =AD71 -> 1 | I71: 1 | K71: C | L71: S002 | M71: N/A | N71: B14 | O71: 1 | P71: E | Q71: 20/08/2008 | R71: 39680 | S71: 45536 | T71: 0231" | V71: Petites entreprises | W71: C-40231 | X71: Small Business | Y71: Petites entreprises | Z71: MOHA01233 | AC71: Business | AD71: 1 | AE71: y
A72: NORT | B72: 1134 | C72: Entrepreneurship | D72: 40231 | E72: Small Business | F72: Ontario College Certificate | H72: =AD72 -> 1 | I72: 1 | K72: C | L72: S002 | M72: N/A | N72: B14 | O72: 1 | P72: E | Q72: 32151 | R72: 32387 | S72: 38231 | T72: 0231" | V72: Petites entreprises | W72: C-40231 | X72: Small Business | Y72: Petites entreprises | Z72: NORT01134 | AC72: Business | AD72: 1 | AE72: y
A73: NORT | B73: 1135 | C73: Small Business Management | D73: 40231 | E73: Small Business | F73: Ontario College Certificate | H73: =AD73 -> 1 | I73: 1 | K73: C | L73: S002 | M73: N/A | N73: B14 | O73: 1 | P73: F | Q73: 32151 | R73: 32387 | S73: 34943 | T73: 0231" | V73: Petites entreprises | W73: C-40231 | X73: Small Business | Y73: Petites entreprises | Z73: NORT01135 | AC73: Business | AD73: 1 | AE73: y
A74: SAUL | B74: 1106 | C74: Entrepreneurship | D74: 40231 | E74: Small Business | F74: Ontario College Certificate | H74: =AD74 -> 1 | I74: 1 | K74: C | L74: S002 | M74: N/A | N74: B14 | O74: 1 | P74: E | Q74: 33612 | R74: 33848 | S74: 38231 | T74: 0231" | V74: Petites entreprises | W74: C-40231 | X74: Small Business | Y74: Petites entreprises | Z74: SAUL01106 | AC74: Business | AD74: 1 | AE74: y
A75: SSFL | B75: 1132 | C75: Entrepreneurship | D75: 40231 | E75: Small Business | F75: Ontario College Certificate | H75: =AD75 -> 1 | I75: 1 | K75: C | L75: S002 | M75: N/A | N75: B14 | O75: 1 | P75: E | Q75: 33247 | R75: 33482 | S75: 38231 | T75: 0231" | V75: Petites entreprises | W75: C-40231 | X75: Small Business | Y75: Petites entreprises | Z75: SSFL01132 | AC75: Business | AD75: 1 | AE75: y
A76: STCL | B76: 1127 | C76: Entrepreneurship | D76: 40231 | E76: Small Business | F76: Ontario College Certificate | H76: =AD76 -> 1 | I76: 1 | K76: C | L76: S002 | M76: N/A | N76: B14 | O76: 1 | P76: E | Q76: 34708 | R76: 34943 | S76: 39195 | T76: 0231" | V76: Petites entreprises | W76: C-40231 | X76: Small Business | Y76: Petites entreprises | Z76: STCL01127 | AC76: Business | AD76: 1 | AE76: y
A77: STCL | B77: 1210 | C77: Entrepreneurship | D77: 40231 | E77: Small Business | F77: Ontario College Certificate | H77: =AD77 -> 1 | I77: 1 | K77: S | L77: S002 | M77: N/A | N77: B14 | O77: 1 | P77: E | Q77: 19/05/2010 | R77: 40422 | T77: 0231" | V77: Petites entreprises | W77: C-40231 | X77: Small Business | Y77: Petites entreprises | Z77: STCL01210 | AC77: Business | AD77: 1 | AE77: y
A78: LACI | B78: 1201 | C78: Gestion des entreprises agricoles | D78: 40232 | E78: Agriculture Business Management | F78: Ontario College Certificate | G78: 3760.04 | H78: =AD78 -> 1 | I78: 1 | J78: F | K78: A | L78: S002 | M78: N/A | N78: B14 | O78: 1 | P78: F | Q78: 31/05/2018 | R78: 43344 | T78: 0232" | V78: Gestion des entreprises agricoles | W78: C-40232 | X78: Agriculture Business Management | Y78: Gestion des entreprises agricoles | Z78: LACI01201 | AA78: F | AB78: 43552 | AC78: Affaires | AD78: 1 | AE78: y
A79: CAMB | B79: 1146 | C79: Ambulance Management | D79: 40250 | E79: Ambulance Management | F79: Ontario College Certificate | H79: =AD79 -> 1.2 | I79: 0.1 | K79: C | L79: H120 | M79: N/A | N79: H01 | O79: 0.25 | P79: E | Q79: 32518 | R79: 32782 | S79: 33178 | T79: 0250" | V79: Gestion des services ambulanciers | W79: C-40250 | X79: Ambulance Management | Y79: Gestion des services ambulanciers | Z79: CAMB01146 | AC79: Health | AD79: 1.2 | AE79: y
A80: HUMB | B80: 1168 | C80: Ambulance Management | D80: 40250 | E80: Ambulance Management | F80: Ontario College Certificate | H80: =AD80 -> 1.2 | I80: 0.1 | K80: C | L80: H140 | M80: N/A | N80: H01 | O80: 0.25 | P80: E | Q80: 31786 | R80: 32021 | T80: 0250" | V80: Gestion des services ambulanciers | W80: C-40250 | X80: Ambulance Management | Y80: Gestion des services ambulanciers | Z80: HUMB01168 | AC80: Health | AD80: 1.2 | AE80: y
A81: GEOR | B81: 1097 | C81: Native Education - Business And Tourism | D81: 40257 | E81: Native Education - Business And Tourism | F81: Ontario College Certificate | H81: =AD81 -> 1 | I81: 1 | K81: C | L81: S002 | M81: N/A | N81: A19 | O81: 1 | P81: E | Q81: 31421 | R81: 31656 | S81: 36039 | T81: 0257" | V81: Communautés autochtones - commerce et tourisme | W81: C-40257 | X81: Native Education - Business And Tourism - 1 year | Y81: Communautés autochtones - commerce et tourisme | Z81: GEOR01097 | AC81: Arts | AD81: 1 | AE81: Y
A82: GEOR | B82: 1095 | C82: Native Education - Self Government And Band Management | D82: 40259 | E82: Band Management | F82: Ontario College Certificate | H82: =AD82 -> 0 | I82: 0 | K82: C | L82: S002 | M82: N/A | N82: A19 | O82: 0 | P82: E | Q82: 31421 | R82: 31656 | S82: 36039 | T82: 0259" | V82: Gestion des bandes | W82: C-40259 | X82: Band Management - 1 year | Y82: Gestion des bandes - 1 an | Z82: GEOR01095 | AC82: Arts | AD82: 0 | AE82: Y
A83: CAMB | B83: 1281 | C83: Business Studies - Aviation | D83: 40261 | E83: Business Studies - Aviation | F83: Ontario College Certificate | H83: =AD83 -> 1.2 | I83: 0.9 | K83: C | L83: S002 | M83: N/A | N83: B18 | O83: 1 | P83: E | Q83: 39822 | R83: 40057 | S83: 42614 | T83: 0261" | V83: Administration des affaires aéronautique | W83: C-40261 | X83: Business Studies - Aviation | Y83: Administration des affaires aéronautique | Z83: CAMB01281 | AC83: Business | AD83: 1.2 | AE83: y
A84: CAMB | B84: 1300 | C84: Independent Music Production | D84: 40264 | E84: Independent Music Production | F84: Ontario College Certificate | H84: 1.5 | I84: 0.9 | K84: A | L84: S002 | M84: N/A | N84: A01 | O84: 1 | P84: E | Q84: 29/09/2013 | R84: 41883 | T84: 0264" | V84: Production musicale indépendante | W84: C-40264 | X84: Independent Music Production | Y84: Production musicale indépendante | Z84: CAMB01300 | AC84: Arts | AD84: 1.5
A85: SENE | B85: 1243 | C85: Independent Music Production | D85: 40264 | E85: Independent Music Production | F85: Ontario College Certificate | H85: 1.5 | I85: 0.9 | K85: A | L85: S002 | M85: N/A | N85: A01 | O85: 1 | P85: E | Q85: 37991 | R85: 38108 | T85: 0264" | V85: Production musicale indépendante | W85: C-40264 | X85: Independent Music Production | Y85: Production musicale indépendante | Z85: SENE01243 | AC85: Arts | AD85: 1.5
A86: SENE | B86: 1302 | C86: Independent Songwriting and Performance | D86: 40264 | E86: Independent Music Production | F86: Ontario College Certificate | H86: 1.5 | I86: 0.9 | K86: A | L86: U | M86: N/A | N86: A01 | O86: 1 | P86: E | Q86: 16/06/2014 | R86: 41883 | T86: 0264" | V86: Production musicale indépendante | W86: C-40264 | X86: Independent Music Production | Y86: Production musicale indépendante | Z86: SENE01302 | AC86: Arts | AD86: 1.5
A87: ALGO | B87: 1350 | C87: E-business Assistant | D87: 40272 | E87: E-business Assistant | F87: Ontario College Certificate | H87: =AD87 -> 1 | I87: 0.9 | K87: C | L87: S002 | M87: N/A | N87: B01 | O87: 1 | P87: E | Q87: 37265 | R87: 37500 | S87: 37865 | T87: 0272" | V87: Adjoint(e) d'entreprise électronique | W87: C-40272 | X87: E-business Assistant | Y87: Adjoint(e) d'entreprise électronique | Z87: ALGO01350 | AC87: Business | AD87: 1 | AE87: y
A88: ALGO | B88: 1316 | C88: Computerized Business Systems | D88: 40273 | E88: Small Business - Office Automation | F88: Ontario College Certificate | H88: =AD88 -> 1 | I88: 1.1 | K88: C | L88: S002 | M88: N/A | N88: B01 | O88: 1 | P88: E | Q88: 35431 | R88: 35431 | S88: 40787 | T88: 0273" | V88: Petites entreprises - bureautique | W88: C-40273 | X88: Small Business - Office Automation | Y88: Petites entreprises - bureautique | Z88: ALGO01316 | AC88: Business | AD88: 1 | AE88: y
A89: LOYT | B89: 1062 | C89: Small Business - Office Automation | D89: 40273 | E89: Small Business - Office Automation | F89: Ontario College Certificate | H89: =AD89 -> 1 | I89: 1.1 | K89: C | L89: S002 | M89: N/A | N89: B01 | O89: 1 | P89: E | Q89: 32143 | R89: 32143 | S89: 41153 | T89: 0273" | V89: Petites entreprises - bureautique | W89: C-40273 | X89: Small Business - Office Automation | Y89: Petites entreprises - bureautique | Z89: LOYT01062 | AC89: Business | AD89: 1 | AE89: y
A90: SAUL | B90: 1146 | C90: (P-T) Computerized Business Systems | D90: 40273 | E90: Small Business - Office Automation | F90: Ontario College Certificate | H90: =AD90 -> 1 | I90: 1.1 | K90: C | L90: S002 | M90: N/A | N90: B01 | O90: 1 | P90: E | Q90: 36169 | R90: 36404 | S90: 42614 | T90: 0273" | V90: Petites entreprises - bureautique | W90: C-40273 | X90: Small Business - Office Automation | Y90: Petites entreprises - bureautique | Z90: SAUL01146 | AC90: Business | AD90: 1 | AE90: y
A91: SLAW | B91: 1163 | C91: Computerized Business Systems | D91: 40273 | E91: Small Business - Office Automation | F91: Ontario College Certificate | H91: =AD91 -> 1 | I91: 1.1 | K91: C | L91: S002 | M91: N/A | N91: B01 | O91: 1 | P91: E | Q91: 36527 | R91: 36557 | S91: 40148 | T91: 0273" | V91: Petites entreprises - bureautique | W91: C-40273 | X91: Small Business - Office Automation | Y91: Petites entreprises - bureautique | Z91: SLAW01163 | AC91: Business | AD91: 1 | AE91: y
A92: FANS | B92: 1222 | C92: Geomatics Survey Techniques | D92: 40300 | E92: Geomatics Survey Techniques | F92: Ontario College Certificate | H92: =AD92 -> 1.3 | I92: 0.9 | K92: C | L92: S002 | M92: N/A | N92: T04 | O92: 1 | P92: E | Q92: 36900 | R92: 37135 | S92: 40148 | T92: 0300" | V92: Pratique géomatique de levé de terrain | W92: C-40300 | X92: Geomatics Survey Techniques | Y92: Pratique géomatique de levé de terrain | Z92: FANS01222 | AC92: Technology | AD92: 1.3 | AE92: y
A93: CONF | B93: 1108 | C93: Drafting Techniques | D93: 40400 | E93: Drafting Techniques | F93: Ontario College Certificate | H93: 2.4 | I93: 1.4 | K93: C | L93: S003 | M93: N/A | N93: T05 | O93: 1 | P93: E | Q93: 32882 | R93: 33117 | S93: 33848 | T93: 0400" | V93: Aide en dessin industriel | W93: C-40400 | X93: Drafting Techniques | Y93: Aide en dessin industriel | Z93: CONF01108 | AC93: Technology | AD93: 1
A94: CONS | B94: 1339 | C94: Computer-Aided Drafting and Design | D94: 40400 | E94: Drafting Techniques | F94: Ontario College Certificate | G94: 2774.95 | H94: 2.4 | I94: 1.4 | J94: F | K94: A | L94: S002 | M94: N/A | N94: T05 | O94: 1 | P94: E | Q94: 43567 | R94: 43952 | T94: 0400" | V94: Aide en dessin industriel | W94: C-40400 | X94: Drafting Techniques | Y94: Aide en dessin industriel | Z94: CONS01339 | AA94: F | AB94: 43951 | AC94: Technology | AD94: 1
A95: CONS | B95: 1384 | C95: Drafting and Design for Additive Manufacturing | D95: 40400 | E95: Drafting Techniques | F95: Ontario College Certificate | G95: 2775 | H95: 2.4 | I95: 1.4 | J95: F | K95: A | L95: S002 | M95: N/A | N95: T05 | O95: 1 | P95: E | Q95: 20/01/2023 | R95: 45170 | T95: 0400" | V95: Aide en dessin industriel | W95: C-40400 | X95: Drafting Techniques | Y95: Aide en dessin industriel | Z95: CONS01384 | AA95: F | AB95: 45041 | AC95: Technology | AD95: 1
A96: LAMB | B96: 1027 | C96: Drafting Engineering Techniques - Piping | D96: 40400 | E96: Drafting Techniques | F96: Ontario College Certificate | H96: 2.4 | I96: 1.4 | K96: C | L96: U | M96: N/A | N96: T05 | O96: 1 | P96: E | Q96: 31/03/1991 | R96: 33328 | S96: 33328 | T96: 0400" | V96: Aide en dessin industriel | W96: C-40400 | X96: Drafting Techniques | Y96: Aide en dessin industriel | Z96: LAMB01027 | AC96: Technology | AD96: 1
A97: LOYT | B97: 1089 | C97: Residential Drafting And Design Techniques | D97: 40400 | E97: Drafting Techniques | F97: Ontario College Certificate | H97: 2.4 | I97: 1.4 | K97: A | L97: H688 | M97: N/A | N97: T05 | O97: 1 | P97: E | Q97: 15/06/1998 | R97: 36039 | T97: 0400" | V97: Aide en dessin industriel | W97: C-40400 | X97: Drafting Techniques | Y97: Aide en dessin industriel | Z97: LOYT01089 | AC97: Technology | AD97: 1
A98: ALGO | B98: 1064 | C98: Information Processing | D98: 40500 | E98: Information Processing | F98: Ontario College Certificate | H98: 1.7 | I98: 0.9 | K98: C | L98: U | M98: N/A | N98: B01 | O98: 1 | P98: E | Q98: 32509 | R98: 32509 | S98: 32509 | T98: 0500" | V98: Traitement de l'information | W98: C-40500 | X98: Information Processing | Y98: Traitement de l'information | Z98: ALGO01064 | AC98: Business | AD98: 1.1
A99: ALGO | B99: 1203 | C99: Information Processing | D99: 40500 | E99: Information Processing | F99: Ontario College Certificate | H99: 1.7 | I99: 0.9 | K99: C | L99: W043 | M99: N/A | N99: B01 | O99: 1 | P99: F | Q99: 32882 | R99: 33117 | S99: 33117 | T99: 0500" | V99: Traitement de l'information | W99: C-40500 | X99: Information Processing | Y99: Traitement de l'information | Z99: ALGO01203 | AC99: Business | AD99: 1.1
A100: CENT | B100: 1026 | C100: Certificate Of Business - Computer Programming | D100: 40500 | E100: Information Processing | F100: Ontario College Certificate | H100: 1.7 | I100: 0.9 | K100: C | L100: S002 | M100: N/A | N100: B01 | O100: 1 | P100: E | Q100: 32509 | R100: 32509 | S100: 32509 | T100: 0500" | V100: Traitement de l'information | W100: C-40500 | X100: Information Processing | Y100: Traitement de l'information | Z100: CENT01026 | AC100: Business | AD100: 1.1
...
